Workbook

Sheet 首页
G1: 集合开黑运营管理系统
G4: ==DISPIMG("ID_B156F1729D8649D085C85A6DC017CB2A",1) -> #NAME? | L4: 开源免费模板：可自由修改、复制与二次分发，未设置任何保护密码。 计算结果仅供经营参考，不构成任何法律或财务依据。 改动表名会同步影响引用它的下拉与统计，请按《教程对照单》操作。
G17: 商品库存倒查系统 | J17: 月均成本计算器 | M17: 区域定价 | P17: 营收测算
G22: 无系统自动化交接班表 | J22: 充送数据录入 | M22: 计费价录入 | P22: 设备成本录入
G31: 使用建议： ① 每月另存一份新副本再录数，别在原表上覆盖历史数据 ② 不要在登录了游戏或计费系统的机器上运行本表（部分自动化引用可能被识别为脚本） ③ 录入必须是真实数据，否则月度钩稽差项会直接暴露异常 ④ 本段文字可删除
G39: （本表开源免费，可自由修改、复制与二次分发）

Sheet 区域整改回本周期计算器
A1: ==DISPIMG("ID_B156F1729D8649D085C85A6DC017CB2A",1) -> #NAME?
M4: 年度天数
A5: 整改成本回本周期测算计算器（四舍五入小数点后1位） | M5: ==月均成本计算!B11 -> 365
A6: 数量 | B6: 区域 | C6: 区域卖价 | D6: 区域采购价 | E6: 输入实际付款 | F6: 主流客群 | G6: 折现金价 | H6: 月人次 | I6: 产值 | J6: 成本/天 | K6: 回款/天 | L6: 产值依据来源于营收测算 | M6: 年度月份
A7: ==D94 -> 0 | B7: 区域01 | C7: ==I94 -> 0 | D7: ==F94 -> 0 | G7: ==IFERROR(INDEX(数据字典!$C$3:$I$16,MATCH(B7,数据字典!$B$3:$B$16,0),MATCH(F7,数据字典!$C$2:$I$2,0)),"集合开黑") -> 集合开黑 | H7: ==IFERROR('网吧区域营收测算 '!R3,"") -> 0 | I7: ==IFERROR('网吧区域营收测算 '!F3/$M$9,"") -> 0 | J7: ==IFERROR($B$25/A7/$M$9,"") | K7: ==IFERROR(E7*A7/(I7-J7),"") | M7: 12
A8: ==D95 -> 0 | B8: 区域02 | C8: ==I95 -> 0 | D8: ==F95 -> 0 | G8: ==IFERROR(INDEX(数据字典!$C$3:$I$16,MATCH(B8,数据字典!$B$3:$B$16,0),MATCH(F8,数据字典!$C$2:$I$2,0)),"集合开黑") -> 集合开黑 | H8: ==IFERROR('网吧区域营收测算 '!R4,"") -> 0 | I8: ==IFERROR('网吧区域营收测算 '!F4/$M$9,"") -> 0 | J8: ==IFERROR($B$25/A8/$M$9,"") | K8: ==IFERROR(E8*A8/(I8-J8),"") | M8: 月度天数
A9: ==D96 -> 0 | B9: 区域03 | C9: ==I96 -> 0 | D9: ==F96 -> 0 | G9: ==IFERROR(INDEX(数据字典!$C$3:$I$16,MATCH(B9,数据字典!$B$3:$B$16,0),MATCH(F9,数据字典!$C$2:$I$2,0)),"集合开黑") -> 集合开黑 | H9: ==IFERROR('网吧区域营收测算 '!R5,"") -> 0 | I9: ==IFERROR('网吧区域营收测算 '!F5/$M$9,"") -> 0 | J9: ==IFERROR($B$25/A9/$M$9,"") | K9: ==IFERROR(E9*A9/(I9-J9),"") | M9: ==月均成本计算!B12 -> 31
A10: ==D97 -> 0 | B10: 区域04 | C10: ==I97 -> 0 | D10: ==F97 -> 0 | G10: ==IFERROR(INDEX(数据字典!$C$3:$I$16,MATCH(B10,数据字典!$B$3:$B$16,0),MATCH(F10,数据字典!$C$2:$I$2,0)),"集合开黑") -> 集合开黑 | H10: ==IFERROR('网吧区域营收测算 '!R6,"") -> 0 | I10: ==IFERROR('网吧区域营收测算 '!F6/$M$9,"") -> 0 | J10: ==IFERROR($B$25/A10/$M$9,"") | K10: ==IFERROR(E10*A10/(I10-J10),"")
A11: ==D98 -> 0 | B11: 区域05 | C11: ==I98 -> 0 | D11: ==F98 -> 0 | G11: ==IFERROR(INDEX(数据字典!$C$3:$I$16,MATCH(B11,数据字典!$B$3:$B$16,0),MATCH(F11,数据字典!$C$2:$I$2,0)),"集合开黑") -> 集合开黑 | H11: ==IFERROR('网吧区域营收测算 '!R7,"") -> 0 | I11: ==IFERROR('网吧区域营收测算 '!F7/$M$9,"") -> 0 | J11: ==IFERROR($B$25/A11/$M$9,"") | K11: ==IFERROR(E11*A11/(I11-J11),"")
A12: ==D99 -> 0 | B12: 区域06 | C12: ==I99 -> 0 | D12: ==F99 -> 0 | G12: ==IFERROR(INDEX(数据字典!$C$3:$I$16,MATCH(B12,数据字典!$B$3:$B$16,0),MATCH(F12,数据字典!$C$2:$I$2,0)),"集合开黑") -> 集合开黑 | H12: ==IFERROR('网吧区域营收测算 '!R8,"") -> 0 | I12: ==IFERROR('网吧区域营收测算 '!F8/$M$9,"") -> 0 | J12: ==IFERROR($B$25/A12/$M$9,"") | K12: ==IFERROR(E12*A12/(I12-J12),"")
A13: ==D100 -> 0 | B13: 区域07 | C13: ==I100 -> 0 | D13: ==F100 -> 0 | G13: ==IFERROR(INDEX(数据字典!$C$3:$I$16,MATCH(B13,数据字典!$B$3:$B$16,0),MATCH(F13,数据字典!$C$2:$I$2,0)),"集合开黑") -> 集合开黑 | H13: ==IFERROR('网吧区域营收测算 '!R9,"") -> 0 | I13: ==IFERROR('网吧区域营收测算 '!F9/$M$9,"") -> 0 | J13: ==IFERROR($B$25/A13/$M$9,"") | K13: ==IFERROR(E13*A13/(I13-J13),"") | M13: （开源模板 · 未设置任何保护密码，可自由修改）
A14: ==D101 -> 0 | C14: ==I101 -> 0 | D14: ==F101 -> 0 | G14: ==IFERROR(INDEX(数据字典!$C$3:$I$16,MATCH(B14,数据字典!$B$3:$B$16,0),MATCH(F14,数据字典!$C$2:$I$2,0)),"集合开黑") -> 集合开黑 | H14: ==IFERROR('网吧区域营收测算 '!R10,"") -> 0 | I14: ==IFERROR('网吧区域营收测算 '!F10/$M$9,"") -> 0 | J14: ==IFERROR($B$25/A14/$M$9,"") | K14: ==IFERROR(E14*A14/(I14-J14),"")
A15: ==D102 -> 0 | C15: ==I102 -> 0 | D15: ==F102 -> 0 | G15: ==IFERROR(INDEX(数据字典!$C$3:$I$16,MATCH(B15,数据字典!$B$3:$B$16,0),MATCH(F15,数据字典!$C$2:$I$2,0)),"集合开黑") -> 集合开黑 | H15: ==IFERROR('网吧区域营收测算 '!R11,"") -> 0 | I15: ==IFERROR('网吧区域营收测算 '!F11/$M$9,"") -> 0 | J15: ==IFERROR($B$25/A15/$M$9,"") | K15: ==IFERROR(E15*A15/(I15-J15),"")
A16: ==D103 -> 0 | C16: ==I103 -> 0 | D16: ==F103 -> 0 | G16: ==IFERROR(INDEX(数据字典!$C$3:$I$16,MATCH(B16,数据字典!$B$3:$B$16,0),MATCH(F16,数据字典!$C$2:$I$2,0)),"集合开黑") -> 集合开黑 | H16: ==IFERROR('网吧区域营收测算 '!R12,"") -> 0 | I16: ==IFERROR('网吧区域营收测算 '!F12/$M$9,"") -> 0 | J16: ==IFERROR($B$25/A16/$M$9,"") | K16: ==IFERROR(E16*A16/(I16-J16),"")
A17: ==D104 -> 0 | C17: ==I104 -> 0 | D17: ==F104 -> 0 | G17: ==IFERROR(INDEX(数据字典!$C$3:$I$16,MATCH(B17,数据字典!$B$3:$B$16,0),MATCH(F17,数据字典!$C$2:$I$2,0)),"集合开黑") -> 集合开黑 | H17: ==IFERROR('网吧区域营收测算 '!R13,"") -> 0 | I17: ==IFERROR('网吧区域营收测算 '!F13/$M$9,"") -> 0 | J17: ==IFERROR($B$25/A17/$M$9,"") | K17: ==IFERROR(E17*A17/(I17-J17),"")
A18: ==D105 -> 0 | C18: ==I105 -> 0 | D18: ==F105 -> 0 | G18: ==IFERROR(INDEX(数据字典!$C$3:$I$16,MATCH(B18,数据字典!$B$3:$B$16,0),MATCH(F18,数据字典!$C$2:$I$2,0)),"集合开黑") -> 集合开黑 | H18: ==IFERROR('网吧区域营收测算 '!R14,"") -> 0 | I18: ==IFERROR('网吧区域营收测算 '!F14/$M$9,"") -> 0 | J18: ==IFERROR($B$25/A18/$M$9,"") | K18: ==IFERROR(E18*A18/(I18-J18),"")
A19: ==D106 -> 0 | C19: ==I106 -> 0 | D19: ==F106 -> 0 | G19: ==IFERROR(INDEX(数据字典!$C$3:$I$16,MATCH(B19,数据字典!$B$3:$B$16,0),MATCH(F19,数据字典!$C$2:$I$2,0)),"集合开黑") -> 集合开黑 | H19: ==IFERROR('网吧区域营收测算 '!R15,"") -> 0 | I19: ==IFERROR('网吧区域营收测算 '!F15/$M$9,"") -> 0 | J19: ==IFERROR($B$25/A19/$M$9,"") | K19: ==IFERROR(E19*A19/(I19-J19),"")
A20: ==D107 -> 0 | C20: ==I107 -> 0 | D20: ==F107 -> 0 | G20: ==IFERROR(INDEX(数据字典!$C$3:$I$16,MATCH(B20,数据字典!$B$3:$B$16,0),MATCH(F20,数据字典!$C$2:$I$2,0)),"集合开黑") -> 集合开黑 | H20: ==IFERROR('网吧区域营收测算 '!R16,"") -> 0 | I20: ==IFERROR('网吧区域营收测算 '!F16/$M$9,"") -> 0 | J20: ==IFERROR($B$25/A20/$M$9,"") | K20: ==IFERROR(E20*A20/(I20-J20),"")
A21: ==SUM(A7:A19) -> 0 | C21: ==SUM(C7:C20) -> 0 | D21: ==SUM(D7:D20) -> 0 | E21: ==SUM(E7:E20) -> 0 | F21: 根据预期倒推客群 | G21: 此列自动计算 | H21: ==SUM(H7:H20) -> 0 | I21: ==SUM(I7:I20) -> 0 | J21: ==SUM(J7:J20) -> 0 | K21: ==SUM(K7:K20) -> 0
A23: 整体回本周期测算（四舍五入小数点后1位）
A24: 总投资 | B24: 月均成本 | C24: 网吧月营 | D24: 酒店 | E24: 机麻 | F24: 台球 | G24: 洗浴 | H24: 厨房 | I24: 水吧 | J24: 月毛利 | K24: 回款周期/月 | L24: 回款年
B25: ==月均成本计算!E23 -> 0 | J25: ==SUM(C25:I25)-B25 -> 0 | K25: ==A25/J25 -> #DIV/0! | L25: ==K25/12 -> #DIV/0!
A26: 期望回本周期倒推产值（四舍五入小数点后1位）
A27: 总投资 | B27: 月均成本 | C27: 网吧月营 | D27: 酒店 | E27: 机麻 | F27: 台球 | G27: 洗浴 | H27: 厨房 | I27: 水吧 | J27: 月毛利 | K27: 回款周期/月 | L27: 回款年
J28: ==SUM(C28:I28)-B28 -> 0 | K28: ==IFERROR(A28/J28,"") | L28: ==IFERROR(K28/M7,"")
D92: 区域采购价计算器
D93: 设备数量 | E93: 区域，固定资产标识 | F93: 单机采购价 | G93: 区域采购价 | H93: 单机售卖价 | I93: 区域售卖价
D94: ==采购成本!B4 -> 0 | E94: ==采购成本!C4 -> 区域01 | F94: ==IFERROR(采购成本!X4,"") -> 0 | G94: ==IFERROR(F94*D94,"") -> 0 | H94: ==IFERROR(设备出售价计算器!X4,"") -> 0 | I94: ==IFERROR(D94*H94,"") -> 0
D95: ==采购成本!B5 -> 0 | E95: ==采购成本!C5 -> 区域02 | F95: ==IFERROR(采购成本!X5,"") -> 0 | G95: ==IFERROR(F95*D95,"") -> 0 | H95: ==IFERROR(设备出售价计算器!X5,"") -> 0 | I95: ==IFERROR(D95*H95,"") -> 0
D96: ==采购成本!B6 -> 0 | E96: ==采购成本!C6 -> 区域03 | F96: ==IFERROR(采购成本!X6,"") -> 0 | G96: ==IFERROR(F96*D96,"") -> 0 | H96: ==IFERROR(设备出售价计算器!X6,"") -> 0 | I96: ==IFERROR(D96*H96,"") -> 0
D97: ==采购成本!B7 -> 0 | E97: ==采购成本!C7 -> 区域04 | F97: ==IFERROR(采购成本!X7,"") -> 0 | G97: ==IFERROR(F97*D97,"") -> 0 | H97: ==IFERROR(设备出售价计算器!X7,"") -> 0 | I97: ==IFERROR(D97*H97,"") -> 0
D98: ==采购成本!B8 -> 0 | E98: ==采购成本!C8 -> 区域05 | F98: ==IFERROR(采购成本!X8,"") -> 0 | G98: ==IFERROR(F98*D98,"") -> 0 | H98: ==IFERROR(设备出售价计算器!X8,"") -> 0 | I98: ==IFERROR(D98*H98,"") -> 0
D99: ==采购成本!B9 -> 0 | E99: ==采购成本!C9 -> 区域06 | F99: ==IFERROR(采购成本!X9,"") -> 0 | G99: ==IFERROR(F99*D99,"") -> 0 | H99: ==IFERROR(设备出售价计算器!X9,"") -> 0 | I99: ==IFERROR(D99*H99,"") -> 0
D100: ==采购成本!B10 -> 0 | E100: ==采购成本!C10 -> 区域07 | F100: ==IFERROR(采购成本!X10,"") -> 0 | G100: ==IFERROR(F100*D100,"") -> 0 | H100: ==IFERROR(设备出售价计算器!X10,"") -> 0 | I100: ==IFERROR(D100*H100,"") -> 0
D101: ==采购成本!B11 -> 0 | E101: ==采购成本!C11 -> 0 | F101: ==IFERROR(采购成本!X11,"") -> 0 | G101: ==IFERROR(F101*D101,"") -> 0 | H101: ==IFERROR(设备出售价计算器!X11,"") -> 0 | I101: ==IFERROR(D101*H101,"") -> 0
D102: ==采购成本!B12 -> 0 | E102: ==采购成本!C12 -> 0 | F102: ==IFERROR(采购成本!X12,"") -> 0 | G102: ==IFERROR(F102*D102,"") -> 0 | H102: ==IFERROR(设备出售价计算器!X12,"") -> 0 | I102: ==IFERROR(D102*H102,"") -> 0
D103: ==采购成本!B13 -> 0 | E103: ==采购成本!C13 -> 0 | F103: ==IFERROR(采购成本!X13,"") -> 0 | G103: ==IFERROR(F103*D103,"") -> 0 | H103: ==IFERROR(设备出售价计算器!X13,"") -> 0 | I103: ==IFERROR(D103*H103,"") -> 0
D104: ==采购成本!B14 -> 0 | E104: ==采购成本!C14 -> 0 | F104: ==IFERROR(采购成本!X14,"") -> 0 | G104: ==IFERROR(F104*D104,"") -> 0 | H104: ==IFERROR(设备出售价计算器!X14,"") -> 0 | I104: ==IFERROR(D104*H104,"") -> 0
D105: ==采购成本!B15 -> 0 | E105: ==采购成本!C15 -> 0 | F105: ==IFERROR(采购成本!X15,"") -> 0 | G105: ==IFERROR(F105*D105,"") -> 0 | H105: ==IFERROR(设备出售价计算器!X15,"") -> 0 | I105: ==IFERROR(D105*H105,"") -> 0
... D107: ==采购成本!B17 -> 0 | E107: ==采购成本!C17 -> 0 | F107: ==IFERROR(采购成本!X17,"") -> 0 | G107: ==IFERROR(F107*D107,"") -> 0 | H107: ==IFERROR(设备出售价计算器!X17,"") -> 0 | I107: ==IFERROR(D107*H107,"") -> 0

Sheet 月均成本计算
N3: 填写实际发放
N4: 当月工作人员 | O4: 当月考勤 | P4: 岗位 | Q4: 实发薪资
A5: 总面积 | D5: 集合开黑门店成本测算计算器（四舍五入小数点后1位） | H5: ==DISPIMG("ID_B156F1729D8649D085C85A6DC017CB2A",1) -> #NAME?
A6: 每平米 | B6: ==IFERROR(B7/B5,"") | D6: 类目 | E6: 金额/月 | F6: 均摊每日 | G6: 均摊每时
A7: 租金 | D7: 成本项01 | F7: ==IFERROR(E7/$B$12,"") -> 0 | G7: ==IFERROR(F7/$B$13,"") -> 0
A8: 物业费所含面积 | D8: 成本项02 | F8: ==IFERROR(E8/$B$12,"") -> 0 | G8: ==IFERROR(F8/$B$13,"") -> 0
A9: 每平米 | B9: ==IFERROR(B10/B8,"") | D9: 成本项03 | F9: ==IFERROR(E9/$B$12,"") -> 0 | G9: ==IFERROR(F9/$B$13,"") -> 0
A10: 物业费 | D10: 成本项04 | F10: ==IFERROR(E10/$B$12,"") -> 0 | G10: ==IFERROR(F10/$B$13,"") -> 0
A11: 年度天数 | B11: 365 | D11: 成本项05 | F11: ==IFERROR(E11/$B$12,"") -> 0 | G11: ==IFERROR(F11/$B$13,"") -> 0 | H11: 仅需填入类目+白底区 即可自动计算所有成本
A12: 月度天数 | B12: 31 | D12: 成本项06 | F12: ==IFERROR(E12/$B$12,"") -> 0 | G12: ==IFERROR(F12/$B$13,"") -> 0
A13: 日小时 | B13: 24 | D13: 成本项07 | F13: ==IFERROR(E13/$B$12,"") -> 0 | G13: ==IFERROR(F13/$B$13,"") -> 0
D14: 成本项08 | F14: ==IFERROR(E14/$B$12,"") -> 0 | G14: ==IFERROR(F14/$B$13,"") -> 0
A15: ==DISPIMG("ID_8A52F5CE17A24B768E1C38581A86DC2B",1) -> #NAME? | D15: 成本项09 | F15: ==IFERROR(E15/$B$12,"") -> 0 | G15: ==IFERROR(F15/$B$13,"") -> 0
F16: ==IFERROR(E16/$B$12,"") -> 0 | G16: ==IFERROR(F16/$B$13,"") -> 0
F17: ==IFERROR(E17/$B$12,"") -> 0 | G17: ==IFERROR(F17/$B$13,"") -> 0 | H17: 提成架构体系
A18: 返回首页 | F18: ==IFERROR(E18/$B$12,"") -> 0 | G18: ==IFERROR(F18/$B$13,"") -> 0 | H18: 岗位 | I18: 基薪 | J18: 好评1-5 | K18: 网费百3 | L18: 餐饮提成 | M18: 合计
F19: ==IFERROR(E19/$B$12,"") -> 0 | G19: ==IFERROR(F19/$B$13,"") -> 0 | H19: 岗位01 | I19: ==IFERROR(R22,"") -> 0 | M19: ==SUM(D19:L19) -> 0
F20: ==IFERROR(E20/$B$12,"") -> 0 | G20: ==IFERROR(F20/$B$13,"") -> 0 | H20: 岗位03 | I20: ==IFERROR(R23,"") -> 0 | M20: ==SUM(D20:L20) -> 0
D21: 成本项10 | F21: ==IFERROR(E21/$B$12,"0") -> 0 | G21: ==IFERROR(F21/$B$13,"") -> 0 | H21: 岗位 | I21: 月薪 | J21: 日薪 | K21: 时薪 | L21: 养老 | M21: 医疗 | N21: 失业 | O21: 工伤 | P21: 生育 | Q21: 公积金 | R21: 合计
F22: ==IFERROR(E21/$B$12,"") -> 0 | G22: ==IFERROR(F22/$B$13,"") -> 0 | H22: 岗位01 | I22: ==N27 -> 0 | J22: ==IFERROR(I22/21,"") -> 0 | K22: ==IFERROR(P27,"") -> 0 | L22: ==IFERROR(M27,"") -> 0 | M22: ==IFERROR(M28,"") -> 0 | N22: ==IFERROR(M29,"") -> 0 | O22: ==IFERROR(M30,"") -> 0 | P22: ==IFERROR(M31,"") -> 0 | Q22: ==IFERROR(M32,"") -> 0 | R22: ==SUM(I22+L22+M22+N22+O22+P22+Q22) -> 0
D23: 成本合计 | E23: ==SUM(E7:E21) -> 0 | F23: ==IFERROR(SUM(F7:F22),"") -> 0 | G23: ==IFERROR(SUM(G7:G22),"") -> 0 | H23: 岗位03 | I23: ==N27 -> 0 | J23: ==IFERROR(I23/21,"") -> 0 | K23: ==IFERROR(P27,"") -> 0 | L23: ==IFERROR(M27,"") -> 0 | M23: ==IFERROR(M28,"") -> 0 | N23: ==IFERROR(M29,"") -> 0 | O23: ==IFERROR(M30,"") -> 0 | P23: ==IFERROR(M31,"") -> 0 | Q23: ==IFERROR(M32,"") -> 0 | R23: ==SUM(I23+L23+M23+N23+O23+P23+Q23) -> 0
D24: 往期营业额 | F24: ==IFERROR(E24/$B$12,"") -> 0 | G24: ==IFERROR(F24/$B$13,"") -> 0
D25: 利润点 | E25: ==E24-E23 -> 0 | F25: ==IFERROR(E25/12,"") -> 0 | G25: ==IFERROR(F25/$B$13,"") -> 0 | J25: 填入当地五险一金比例，自动计算人均薪资支出
J26: 类目 | K26: 起缴额 | L26: 比例 | M26: 代缴额 | N26: 最低薪资 | O26: 最高工作时长 | P26: 最低时薪
D27: 预估薪资成本 | J27: 养老 | M27: ==K27*L27 -> 0
D28: 岗位 | E28: 人员 | F28: 薪资支出 | G28: 合计 | J28: 医疗 | M28: ==K28*L28 -> 0
D29: 岗位01 | G29: ==E29*F29 -> 0 | J29: 失业 | M29: ==K29*L29 -> 0
D30: 岗位02 | G30: ==E30*F30 -> 0 | J30: 工伤 | M30: ==K30*L30 -> 0
D31: 岗位03 | G31: ==E31*F31 -> 0 | J31: 生育 | M31: ==K31*L31 -> 0
D32: 岗位04 | G32: ==E32*F32 -> 0 | J32: 公积金 | M32: ==K32*L32 -> 0
G33: ==E33*F33 -> 0 | J33: 合计 | M33: ==SUM(M27:M32) -> 0
G34: ==E34*F34 -> 0
G35: ==E35*F35 -> 0 | J35: 缴纳后经营困难个转企财政补贴或增值税减免
G36: ==E36*F36 -> 0 | J36: 类目 | K36: 补贴比例 | L36: 补贴周期 | M36: 封顶额
D37: 总薪资支出合计 | F37: ==SUM(G29:G32) -> 0 | J37: 租金补贴 | L37: 3年
J38: 代账补贴 | L38: 3年
J39: 经营奖励 | L39: 3年
J40: 风险提示，员工追诉期两年，认人不认名，变更法人一定要签债务划分免责协议，均追诉原法人 极有可能与税务大数据结合，请尊规守法经营
N50: .

Sheet 进销存联动
B1: 品名 | C1: 商品条码 | D1: 进价 | E1: 售价 | F1: 月初库存 | G1: 月初库存 金额 | H1: 实际库存 | I1: 异常差数 | J1: 差额 | K1: 本月进货 | L1: 1号 | W1: 本月出货 | X1: 入账库存 | Y1: 白班 | Z1: 夜班 | AA1: 白班 | AB1: 夜班 | AC1: 白班 | AD1: 夜班 | AE1: 白班 | AF1: 夜班 | AG1: 白班 | AH1: 夜班 | AI1: 白班 | AJ1: 夜班 | AK1: 白班 | AL1: 夜班 | AM1: 白班 | AN1: 夜班 | AO1: 白班 | AP1: 夜班 | AQ1: 白班 | AR1: 夜班 | AS1: 白班 | AT1: 夜班 | AU1: 白班 | AV1: 夜班 | AW1: 白班 | AX1: 夜班 | AY1: 白班 | AZ1: 夜班 | BA1: 白班 | BB1: 夜班 | BC1: 白班 | BD1: 夜班 | BE1: 白班 | BF1: 夜班 | BG1: 白班 | BH1: 夜班 | BI1: 白班 | BJ1: 夜班 | BK1: 白班 | BL1: 夜班 | BM1: 白班 | BN1: 夜班 | BO1: 白班 | BP1: 夜班 | BQ1: 白班 | BR1: 夜班 | BS1: 白班 | BT1: 夜班 | BU1: 白班 | BV1: 夜班 | BW1: 白班 | BX1: 夜班 | BY1: 白班 | BZ1: 夜班 | CA1: 白班 | CB1: 夜班 | CC1: 白班 | CD1: 夜班 | CE1: 白班 | CF1: 夜班 | CG1: 白班 | CH1: 夜班
CH2: 庞
A3: 一元 | B3: 商品001 | C3: SP001 | I3: ==H3-X3 -> 0 | J3: ==I3*E3 -> 0 | K3: ==SUM(L3:V3) -> 0 | W3: ==IFERROR(SUM(Y3:CH3),"") -> 0 | X3: ==(F3+K3)-W3 -> 0
B4: 商品002 | C4: SP002 | G4: ==F4*D4 -> 0 | I4: ==H4-X4 -> 0 | J4: ==I4*E4 -> 0 | K4: ==SUM(L4:S4) -> 0 | W4: ==IFERROR(SUM(Y4:CH4),"") -> 0 | X4: ==(F4+K4)-W4 -> 0
B5: 商品003 | C5: SP003 | G5: ==F5*D5 -> 0 | I5: ==H5-X5 -> 0 | J5: ==I5*E5 -> 0 | K5: ==SUM(L5:S5) -> 0 | W5: ==IFERROR(SUM(Y5:CH5),"") -> 0 | X5: ==(F5+K5)-W5 -> 0
B6: 商品004 | C6: SP004 | G6: ==F6*D6 -> 0 | I6: ==H6-X6 -> 0 | J6: ==I6*E6 -> 0 | K6: ==SUM(L6:S6) -> 0 | W6: ==IFERROR(SUM(Y6:CH6),"") -> 0 | X6: ==(F6+K6)-W6 -> 0
B7: 商品005 | C7: SP005 | G7: ==F7*D7 -> 0 | I7: ==H7-X7 -> 0 | J7: ==I7*E7 -> 0 | K7: ==SUM(L7:S7) -> 0 | W7: ==IFERROR(SUM(Y7:CH7),"") -> 0 | X7: ==(F7+K7)-W7 -> 0
B8: 商品006 | C8: SP006 | G8: ==F8*D8 -> 0 | I8: ==H8-X8 -> 0 | J8: ==I8*E8 -> 0 | K8: ==SUM(L8:S8) -> 0 | W8: ==IFERROR(SUM(Y8:CH8),"") -> 0 | X8: ==(F8+K8)-W8 -> 0
B9: 商品007 | C9: SP007 | G9: ==F9*D9 -> 0 | I9: ==H9-X9 -> 0 | J9: ==I9*E9 -> 0 | K9: ==SUM(L9:S9) -> 0 | W9: ==IFERROR(SUM(Y9:CH9),"") -> 0 | X9: ==(F9+K9)-W9 -> 0
B10: 商品008 | C10: SP008 | G10: ==F10*D10 -> 0 | I10: ==H10-X10 -> 0 | J10: ==I10*E10 -> 0 | K10: ==SUM(L10:S10) -> 0 | W10: ==IFERROR(SUM(Y10:CH10),"") -> 0 | X10: ==(F10+K10)-W10 -> 0
B11: 商品009 | C11: SP009 | G11: ==F11*D11 -> 0 | I11: ==H11-X11 -> 0 | J11: ==I11*E11 -> 0 | K11: ==SUM(L11:S11) -> 0 | W11: ==IFERROR(SUM(Y11:CH11),"") -> 0 | X11: ==(F11+K11)-W11 -> 0
B12: 商品010 | C12: SP010 | G12: ==F12*D12 -> 0 | I12: ==H12-X12 -> 0 | J12: ==I12*E12 -> 0 | K12: ==SUM(L12:S12) -> 0 | W12: ==IFERROR(SUM(Y12:CH12),"") -> 0 | X12: ==(F12+K12)-W12 -> 0
B13: 商品011 | G13: ==F13*D13 -> 0 | I13: ==H13-X13 -> 0 | J13: ==I13*E13 -> 0 | K13: ==SUM(L13:S13) -> 0 | W13: ==IFERROR(SUM(Y13:CH13),"") -> 0 | X13: ==(F13+K13)-W13 -> 0
B14: 商品012 | G14: ==F14*D14 -> 0 | I14: ==H14-X14 -> 0 | J14: ==I14*E14 -> 0 | K14: ==SUM(L14:S14) -> 0 | W14: ==IFERROR(SUM(Y14:CH14),"") -> 0 | X14: ==(F14+K14)-W14 -> 0
B15: 商品013 | C15: SP011 | G15: ==F15*D15 -> 0 | I15: ==H15-X15 -> 0 | J15: ==I15*E15 -> 0 | K15: ==SUM(L15:S15) -> 0 | W15: ==IFERROR(SUM(Y15:CH15),"") -> 0 | X15: ==(F15+K15)-W15 -> 0
A16: 两元 | B16: 商品014 | C16: SP012 | G16: ==F16*D16 -> 0 | I16: ==H16-X16 -> 0 | J16: ==I16*E16 -> 0 | K16: ==SUM(L16:S16) -> 0 | W16: ==IFERROR(SUM(Y16:CH16),"") -> 0 | X16: ==(F16+K16)-W16 -> 0
B17: 商品015 | C17: SP013 | G17: ==F17*D17 -> 0 | I17: ==H17-X17 -> 0 | J17: ==I17*E17 -> 0 | K17: ==SUM(L17:S17) -> 0 | W17: ==IFERROR(SUM(Y17:CH17),"") -> 0 | X17: ==(F17+K17)-W17 -> 0
B18: 商品016 | C18: SP014 | G18: ==F18*D18 -> 0 | I18: ==H18-X18 -> 0 | J18: ==I18*E18 -> 0 | K18: ==SUM(L18:S18) -> 0 | W18: ==IFERROR(SUM(Y18:CH18),"") -> 0 | X18: ==(F18+K18)-W18 -> 0
G19: ==F19*D19 -> 0 | I19: ==H19-X19 -> 0 | J19: ==I19*E19 -> 0 | K19: ==SUM(L19:S19) -> 0 | W19: ==IFERROR(SUM(Y19:CH19),"") -> 0 | X19: ==(F19+K19)-W19 -> 0
G20: ==F20*D20 -> 0 | I20: ==H20-X20 -> 0 | J20: ==I20*E20 -> 0 | K20: ==SUM(L20:S20) -> 0 | W20: ==IFERROR(SUM(Y20:CH20),"") -> 0 | X20: ==(F20+K20)-W20 -> 0
G21: ==F21*D21 -> 0 | I21: ==H21-X21 -> 0 | J21: ==I21*E21 -> 0 | K21: ==SUM(L21:S21) -> 0 | W21: ==IFERROR(SUM(Y21:CH21),"") -> 0 | X21: ==(F21+K21)-W21 -> 0
G22: ==F22*D22 -> 0 | I22: ==H22-X22 -> 0 | J22: ==I22*E22 -> 0 | K22: ==SUM(L22:S22) -> 0 | W22: ==IFERROR(SUM(Y22:CH22),"") -> 0 | X22: ==(F22+K22)-W22 -> 0
G23: ==F23*D23 -> 0 | I23: ==H23-X23 -> 0 | J23: ==I23*E23 -> 0 | K23: ==SUM(L23:S23) -> 0 | W23: ==IFERROR(SUM(Y23:CH23),"") -> 0 | X23: ==(F23+K23)-W23 -> 0
G24: ==F24*D24 -> 0 | I24: ==H24-X24 -> 0 | J24: ==I24*E24 -> 0 | K24: ==SUM(L24:S24) -> 0 | W24: ==IFERROR(SUM(Y24:CH24),"") -> 0 | X24: ==(F24+K24)-W24 -> 0
G25: ==F25*D25 -> 0 | I25: ==H25-X25 -> 0 | J25: ==I25*E25 -> 0 | K25: ==SUM(L25:S25) -> 0 | W25: ==IFERROR(SUM(Y25:CH25),"") -> 0 | X25: ==(F25+K25)-W25 -> 0
G26: ==F26*D26 -> 0 | I26: ==H26-X26 -> 0 | J26: ==I26*E26 -> 0 | K26: ==SUM(L26:S26) -> 0 | W26: ==IFERROR(SUM(Y26:CH26),"") -> 0 | X26: ==(F26+K26)-W26 -> 0
B27: 商品017 | C27: SP015 | G27: ==F27*D27 -> 0 | I27: ==H27-X27 -> 0 | J27: ==I27*E27 -> 0 | K27: ==SUM(L27:S27) -> 0 | W27: ==IFERROR(SUM(Y27:CH27),"") -> 0 | X27: ==(F27+K27)-W27 -> 0
A28: 3.5元 | B28: 商品018 | C28: SP016 | G28: ==F28*D28 -> 0 | I28: ==H28-X28 -> 0 | J28: ==I28*E28 -> 0 | K28: ==SUM(L28:S28) -> 0 | W28: ==IFERROR(SUM(Y28:CH28),"") -> 0 | X28: ==(F28+K28)-W28 -> 0
B29: 商品019 | C29: SP017 | G29: ==F29*D29 -> 0 | I29: ==H29-X29 -> 0 | J29: ==I29*E29 -> 0 | K29: ==SUM(L29:S29) -> 0 | W29: ==IFERROR(SUM(Y29:CH29),"") -> 0 | X29: ==(F29+K29)-W29 -> 0
B30: 商品020 | C30: SP018 | G30: ==F30*D30 -> 0 | I30: ==H30-X30 -> 0 | J30: ==I30*E30 -> 0 | K30: ==SUM(L30:S30) -> 0 | W30: ==IFERROR(SUM(Y30:CH30),"") -> 0 | X30: ==(F30+K30)-W30 -> 0
B31: 商品021 | C31: SP019 | G31: ==F31*D31 -> 0 | I31: ==H31-X31 -> 0 | J31: ==I31*E31 -> 0 | K31: ==SUM(L31:S31) -> 0 | W31: ==IFERROR(SUM(Y31:CH31),"") -> 0 | X31: ==(F31+K31)-W31 -> 0
B32: 商品022 | C32: SP020 | G32: ==F32*D32 -> 0 | I32: ==H32-X32 -> 0 | J32: ==I32*E32 -> 0 | K32: ==SUM(L32:S32) -> 0 | W32: ==IFERROR(SUM(Y32:CH32),"") -> 0 | X32: ==(F32+K32)-W32 -> 0
B33: 商品023 | C33: SP021 | G33: ==F33*D33 -> 0 | I33: ==H33-X33 -> 0 | J33: ==I33*E33 -> 0 | K33: ==SUM(L33:S33) -> 0 | W33: ==IFERROR(SUM(Y33:CH33),"") -> 0 | X33: ==(F33+K33)-W33 -> 0
B34: 商品024 | C34: SP022 | G34: ==F34*D34 -> 0 | I34: ==H34-X34 -> 0 | J34: ==I34*E34 -> 0 | K34: ==SUM(L34:S34) -> 0 | W34: ==IFERROR(SUM(Y34:CH34),"") -> 0 | X34: ==(F34+K34)-W34 -> 0
B35: 商品025 | C35: SP023 | G35: ==F35*D35 -> 0 | I35: ==H35-X35 -> 0 | J35: ==I35*E35 -> 0 | K35: ==SUM(L35:S35) -> 0 | W35: ==IFERROR(SUM(Y35:CH35),"") -> 0 | X35: ==(F35+K35)-W35 -> 0
B36: 商品026 | C36: SP024 | G36: ==F36*D36 -> 0 | I36: ==H36-X36 -> 0 | J36: ==I36*E36 -> 0 | K36: ==SUM(L36:S36) -> 0 | W36: ==IFERROR(SUM(Y36:CH36),"") -> 0 | X36: ==(F36+K36)-W36 -> 0
B37: 商品027 | C37: SP025 | G37: ==F37*D37 -> 0 | I37: ==H37-X37 -> 0 | J37: ==I37*E37 -> 0 | K37: ==SUM(L37:S37) -> 0 | W37: ==IFERROR(SUM(Y37:CH37),"") -> 0 | X37: ==(F37+K37)-W37 -> 0
B38: 商品028 | C38: SP026 | G38: ==F38*D38 -> 0 | I38: ==H38-X38 -> 0 | J38: ==I38*E38 -> 0 | K38: ==SUM(L38:S38) -> 0 | W38: ==IFERROR(SUM(Y38:CH38),"") -> 0 | X38: ==(F38+K38)-W38 -> 0
B39: 商品029 | C39: SP027 | G39: ==F39*D39 -> 0 | I39: ==H39-X39 -> 0 | J39: ==I39*E39 -> 0 | K39: ==SUM(L39:S39) -> 0 | W39: ==IFERROR(SUM(Y39:CH39),"") -> 0 | X39: ==(F39+K39)-W39 -> 0
B40: 商品030 | C40: SP028 | G40: ==F40*D40 -> 0 | I40: ==H40-X40 -> 0 | J40: ==I40*E40 -> 0 | K40: ==SUM(L40:S40) -> 0 | W40: ==IFERROR(SUM(Y40:CH40),"") -> 0 | X40: ==(F40+K40)-W40 -> 0
G41: ==F41*D41 -> 0 | I41: ==H41-X41 -> 0 | J41: ==I41*E41 -> 0 | K41: ==SUM(L41:S41) -> 0 | W41: ==IFERROR(SUM(Y41:CH41),"") -> 0 | X41: ==(F41+K41)-W41 -> 0
G42: ==F42*D42 -> 0 | I42: ==H42-X42 -> 0 | J42: ==I42*E42 -> 0 | K42: ==SUM(L42:S42) -> 0 | W42: ==IFERROR(SUM(Y42:CH42),"") -> 0 | X42: ==(F42+K42)-W42 -> 0
G43: ==F43*D43 -> 0 | I43: ==H43-X43 -> 0 | J43: ==I43*E43 -> 0 | K43: ==SUM(L43:S43) -> 0 | W43: ==IFERROR(SUM(Y43:CH43),"") -> 0 | X43: ==(F43+K43)-W43 -> 0
G44: ==F44*D44 -> 0 | I44: ==H44-X44 -> 0 | J44: ==I44*E44 -> 0 | K44: ==SUM(L44:S44) -> 0 | W44: ==IFERROR(SUM(Y44:CH44),"") -> 0 | X44: ==(F44+K44)-W44 -> 0
G45: ==F45*D45 -> 0 | I45: ==H45-X45 -> 0 | J45: ==I45*E45 -> 0 | K45: ==SUM(L45:S45) -> 0 | W45: ==IFERROR(SUM(Y45:CH45),"") -> 0 | X45: ==(F45+K45)-W45 -> 0
G46: ==F46*D46 -> 0 | I46: ==H46-X46 -> 0 | J46: ==I46*E46 -> 0 | K46: ==SUM(L46:S46) -> 0 | W46: ==IFERROR(SUM(Y46:CH46),"") -> 0 | X46: ==(F46+K46)-W46 -> 0
A47: 5元 | B47: 商品031 | C47: SP029 | G47: ==F47*D47 -> 0 | I47: ==H47-X47 -> 0 | J47: ==I47*E47 -> 0 | K47: ==SUM(L47:S47) -> 0 | W47: ==IFERROR(SUM(Y47:CH47),"") -> 0 | X47: ==(F47+K47)-W47 -> 0
B48: 商品032 | C48: SP030 | G48: ==F48*D48 -> 0 | I48: ==H48-X48 -> 0 | J48: ==I48*E48 -> 0 | K48: ==SUM(L48:S48) -> 0 | W48: ==IFERROR(SUM(Y48:CH48),"") -> 0 | X48: ==(F48+K48)-W48 -> 0
A49: 6元 | B49: 商品033 | C49: SP031 | G49: ==F49*D49 -> 0 | I49: ==H49-X49 -> 0 | J49: ==I49*E49 -> 0 | K49: ==SUM(L49:S49) -> 0 | W49: ==IFERROR(SUM(Y49:CH49),"") -> 0 | X49: ==(F49+K49)-W49 -> 0
G50: ==F50*D50 -> 0 | I50: ==H50-X50 -> 0 | J50: ==I50*E50 -> 0 | K50: ==SUM(L50:S50) -> 0 | W50: ==IFERROR(SUM(Y50:CH50),"") -> 0 | X50: ==(F50+K50)-W50 -> 0
G51: ==F51*D51 -> 0 | I51: ==H51-X51 -> 0 | J51: ==I51*E51 -> 0 | K51: ==SUM(L51:S51) -> 0 | W51: ==IFERROR(SUM(Y51:CH51),"") -> 0 | X51: ==(F51+K51)-W51 -> 0
G52: ==F52*D52 -> 0 | I52: ==H52-X52 -> 0 | J52: ==I52*E52 -> 0 | K52: ==SUM(L52:S52) -> 0 | W52: ==IFERROR(SUM(Y52:CH52),"") -> 0 | X52: ==(F52+K52)-W52 -> 0
G53: ==F53*D53 -> 0 | I53: ==H53-X53 -> 0 | J53: ==I53*E53 -> 0 | K53: ==SUM(L53:S53) -> 0 | W53: ==IFERROR(SUM(Y53:CH53),"") -> 0 | X53: ==(F53+K53)-W53 -> 0
G54: ==F54*D54 -> 0 | I54: ==H54-X54 -> 0 | J54: ==I54*E54 -> 0 | K54: ==SUM(L54:S54) -> 0 | W54: ==IFERROR(SUM(Y54:CH54),"") -> 0 | X54: ==(F54+K54)-W54 -> 0
B55: 商品034 | C55: SP032 | G55: ==F55*D55 -> 0 | I55: ==H55-X55 -> 0 | J55: ==I55*E55 -> 0 | K55: ==SUM(L55:S55) -> 0 | W55: ==IFERROR(SUM(Y55:CH55),"") -> 0 | X55: ==(F55+K55)-W55 -> 0
W56: ==IFERROR(SUM(Y56:CH56),"") -> 0 | X56: ==(F56+K56)-W56 -> 0
A57: 8元 | B57: 商品035 | C57: SP033 | G57: ==F57*D57 -> 0 | I57: ==H57-X57 -> 0 | J57: ==I57*E57 -> 0 | K57: ==SUM(L57:S57) -> 0 | W57: ==IFERROR(SUM(Y57:CH57),"") -> 0 | X57: ==(F57+K57)-W57 -> 0
B58: 商品036 | G58: ==F58*D58 -> 0 | I58: ==H58-X58 -> 0 | J58: ==I58*E58 -> 0 | K58: ==SUM(L58:S58) -> 0 | W58: ==IFERROR(SUM(Y58:CH58),"") -> 0 | X58: ==(F58+K58)-W58 -> 0
G59: ==F59*D59 -> 0 | I59: ==H59-X59 -> 0 | J59: ==I59*E59 -> 0 | K59: ==SUM(L59:S59) -> 0 | W59: ==IFERROR(SUM(Y59:CH59),"") -> 0 | X59: ==(F59+K59)-W59 -> 0
G60: ==F60*D60 -> 0 | I60: ==H60-X60 -> 0 | J60: ==I60*E60 -> 0 | K60: ==SUM(L60:S60) -> 0 | W60: ==IFERROR(SUM(Y60:CH60),"") -> 0 | X60: ==(F60+K60)-W60 -> 0
G61: ==F61*D61 -> 0 | I61: ==H61-X61 -> 0 | J61: ==I61*E61 -> 0 | K61: ==SUM(L61:S61) -> 0 | W61: ==IFERROR(SUM(Y61:CH61),"") -> 0 | X61: ==(F61+K61)-W61 -> 0
G62: ==F62*D62 -> 0 | I62: ==H62-X62 -> 0 | J62: ==I62*E62 -> 0 | K62: ==SUM(L62:S62) -> 0 | W62: ==IFERROR(SUM(Y62:CH62),"") -> 0 | X62: ==(F62+K62)-W62 -> 0
G63: ==F63*D63 -> 0 | I63: ==H63-X63 -> 0 | J63: ==I63*E63 -> 0 | K63: ==SUM(L63:S63) -> 0 | W63: ==IFERROR(SUM(Y63:CH63),"") -> 0 | X63: ==(F63+K63)-W63 -> 0
G64: ==F64*D64 -> 0 | I64: ==H64-X64 -> 0 | J64: ==I64*E64 -> 0 | K64: ==SUM(L64:S64) -> 0 | W64: ==IFERROR(SUM(Y64:CH64),"") -> 0 | X64: ==(F64+K64)-W64 -> 0
A65: 槟榔 | G65: ==F65*D65 -> 0 | I65: ==H65-X65 -> 0 | J65: ==I65*E65 -> 0 | K65: ==SUM(L65:S65) -> 0 | W65: ==IFERROR(SUM(Y65:CH65),"") -> 0 | X65: ==(F65+K65)-W65 -> 0
G66: ==F66*D66 -> 0 | I66: ==H66-X66 -> 0 | J66: ==I66*E66 -> 0 | K66: ==SUM(L66:S66) -> 0 | W66: ==IFERROR(SUM(Y66:CH66),"") -> 0 | X66: ==(F66+K66)-W66 -> 0
G67: ==F67*D67 -> 0 | I67: ==H67-X67 -> 0 | J67: ==I67*E67 -> 0 | K67: ==SUM(L67:S67) -> 0 | W67: ==IFERROR(SUM(Y67:CH67),"") -> 0 | X67: ==(F67+K67)-W67 -> 0
G68: ==F68*D68 -> 0 | I68: ==H68-X68 -> 0 | J68: ==I68*E68 -> 0 | K68: ==SUM(L68:S68) -> 0 | W68: ==IFERROR(SUM(Y68:CH68),"") -> 0 | X68: ==(F68+K68)-W68 -> 0
G69: ==F69*D69 -> 0 | I69: ==H69-X69 -> 0 | J69: ==I69*E69 -> 0 | K69: ==SUM(L69:S69) -> 0 | W69: ==IFERROR(SUM(Y69:CH69),"") -> 0 | X69: ==(F69+K69)-W69 -> 0
G70: ==F70*D70 -> 0 | I70: ==H70-X70 -> 0 | J70: ==I70*E70 -> 0 | K70: ==SUM(L70:S70) -> 0 | W70: ==IFERROR(SUM(Y70:CH70),"") -> 0 | X70: ==(F70+K70)-W70 -> 0
G71: ==F71*D71 -> 0 | I71: ==H71-X71 -> 0 | J71: ==I71*E71 -> 0 | K71: ==SUM(L71:S71) -> 0 | W71: ==IFERROR(SUM(Y71:CH71),"") -> 0 | X71: ==(F71+K71)-W71 -> 0
G72: ==F72*D72 -> 0 | I72: ==H72-X72 -> 0 | J72: ==I72*E72 -> 0 | K72: ==SUM(L72:S72) -> 0 | W72: ==IFERROR(SUM(Y72:CH72),"") -> 0 | X72: ==(F72+K72)-W72 -> 0
G73: ==F73*D73 -> 0 | I73: ==H73-X73 -> 0 | J73: ==I73*E73 -> 0 | K73: ==SUM(L73:S73) -> 0 | W73: ==IFERROR(SUM(Y73:CH73),"") -> 0 | X73: ==(F73+K73)-W73 -> 0
G74: ==F74*D74 -> 0 | I74: ==H74-X74 -> 0 | J74: ==I74*E74 -> 0 | K74: ==SUM(L74:S74) -> 0 | W74: ==IFERROR(SUM(Y74:CH74),"") -> 0 | X74: ==(F74+K74)-W74 -> 0
A75: 瓶装水 | B75: 商品037 | C75: SP034 | G75: ==F75*D75 -> 0 | I75: ==H75-X75 -> 0 | J75: ==I75*E75 -> 0 | K75: ==SUM(L75:S75) -> 0 | W75: ==IFERROR(SUM(Y75:CH75),"") -> 0 | X75: ==(F75+K75)-W75 -> 0
B76: 商品038 | C76: SP035 | G76: ==F76*D76 -> 0 | I76: ==H76-X76 -> 0 | J76: ==I76*E76 -> 0 | K76: ==SUM(L76:S76) -> 0 | W76: ==IFERROR(SUM(Y76:CH76),"") -> 0 | X76: ==(F76+K76)-W76 -> 0
B77: 商品039 | C77: SP036 | G77: ==F77*D77 -> 0 | I77: ==H77-X77 -> 0 | J77: ==I77*E77 -> 0 | K77: ==SUM(L77:S77) -> 0 | W77: ==IFERROR(SUM(Y77:CH77),"") -> 0 | X77: ==(F77+K77)-W77 -> 0
B78: 商品040 | C78: SP037 | G78: ==F78*D78 -> 0 | I78: ==H78-X78 -> 0 | J78: ==I78*E78 -> 0 | K78: ==SUM(L78:S78) -> 0 | W78: ==IFERROR(SUM(Y78:CH78),"") -> 0 | X78: ==(F78+K78)-W78 -> 0
B79: 商品041 | G79: ==F79*D79 -> 0 | I79: ==H79-X79 -> 0 | J79: ==I79*E79 -> 0 | K79: ==SUM(L79:S79) -> 0 | W79: ==IFERROR(SUM(Y79:CH79),"") -> 0 | X79: ==(F79+K79)-W79 -> 0
B80: 商品042 | G80: ==F80*D80 -> 0 | I80: ==H80-X80 -> 0 | J80: ==I80*E80 -> 0 | K80: ==SUM(L80:S80) -> 0 | W80: ==IFERROR(SUM(Y80:CH80),"") -> 0 | X80: ==(F80+K80)-W80 -> 0
B81: 商品043 | G81: ==F81*D81 -> 0 | I81: ==H81-X81 -> 0 | J81: ==I81*E81 -> 0 | K81: ==SUM(L81:S81) -> 0 | W81: ==IFERROR(SUM(Y81:CH81),"") -> 0 | X81: ==(F81+K81)-W81 -> 0
B82: 商品044 | G82: ==F82*D82 -> 0 | I82: ==H82-X82 -> 0 | J82: ==I82*E82 -> 0 | K82: ==SUM(L82:S82) -> 0 | W82: ==IFERROR(SUM(Y82:CH82),"") -> 0 | X82: ==(F82+K82)-W82 -> 0
B83: 商品045 | G83: ==F83*D83 -> 0 | I83: ==H83-X83 -> 0 | J83: ==I83*E83 -> 0 | K83: ==SUM(L83:S83) -> 0 | W83: ==IFERROR(SUM(Y83:CH83),"") -> 0 | X83: ==(F83+K83)-W83 -> 0
B84: 商品046 | G84: ==F84*D84 -> 0 | I84: ==H84-X84 -> 0 | J84: ==I84*E84 -> 0 | K84: ==SUM(L84:S84) -> 0 | W84: ==IFERROR(SUM(Y84:CH84),"") -> 0 | X84: ==(F84+K84)-W84 -> 0
B85: 商品047 | G85: ==F85*D85 -> 0 | I85: ==H85-X85 -> 0 | J85: ==I85*E85 -> 0 | K85: ==SUM(L85:S85) -> 0 | W85: ==IFERROR(SUM(Y85:CH85),"") -> 0 | X85: ==(F85+K85)-W85 -> 0
B86: 商品048 | G86: ==F86*D86 -> 0 | I86: ==H86-X86 -> 0 | J86: ==I86*E86 -> 0 | K86: ==SUM(L86:S86) -> 0 | W86: ==IFERROR(SUM(Y86:CH86),"") -> 0 | X86: ==(F86+K86)-W86 -> 0
B87: 商品049 | G87: ==F87*D87 -> 0 | I87: ==H87-X87 -> 0 | J87: ==I87*E87 -> 0 | K87: ==SUM(L87:S87) -> 0 | W87: ==IFERROR(SUM(Y87:CH87),"") -> 0 | X87: ==(F87+K87)-W87 -> 0
B88: 商品050 | G88: ==F88*D88 -> 0 | I88: ==H88-X88 -> 0 | J88: ==I88*E88 -> 0 | K88: ==SUM(L88:S88) -> 0 | W88: ==IFERROR(SUM(Y88:CH88),"") -> 0 | X88: ==(F88+K88)-W88 -> 0
B89: 商品051 | G89: ==F89*D89 -> 0 | I89: ==H89-X89 -> 0 | J89: ==I89*E89 -> 0 | K89: ==SUM(L89:S89) -> 0 | W89: ==IFERROR(SUM(Y89:CH89),"") -> 0 | X89: ==(F89+K89)-W89 -> 0
B90: 商品052 | G90: ==F90*D90 -> 0 | I90: ==H90-X90 -> 0 | J90: ==I90*E90 -> 0 | K90: ==SUM(L90:S90) -> 0 | W90: ==IFERROR(SUM(Y90:CH90),"") -> 0 | X90: ==(F90+K90)-W90 -> 0
W91: ==IFERROR(SUM(Y91:CH91),"") -> 0 | X91: ==(F91+K91)-W91 -> 0
G92: ==F92*D92 -> 0 | I92: ==H92-X92 -> 0 | J92: ==I92*E92 -> 0 | K92: ==SUM(L92:S92) -> 0 | W92: ==IFERROR(SUM(Y92:CH92),"") -> 0 | X92: ==(F92+K92)-W92 -> 0
A93: 模糊计数耗材 | B93: 商品053 | C93: SP038 | G93: ==F93*D93 -> 0 | I93: ==H93-X93 -> 0 | J93: ==I93*E93 -> 0 | K93: ==SUM(L93:S93) -> 0 | W93: ==IFERROR(SUM(Y93:CH93),"") -> 0 | X93: ==(F93+K93)-W93 -> 0
B94: 商品054 | C94: SP039 | G94: ==F94*D94 -> 0 | I94: ==H94-X94 -> 0 | J94: ==I94*E94 -> 0 | K94: ==SUM(L94:S94) -> 0 | W94: ==IFERROR(SUM(Y94:CH94),"") -> 0 | X94: ==(F94+K94)-W94 -> 0
B95: 商品055 | C95: SP040 | G95: ==F95*D95 -> 0 | I95: ==H95-X95 -> 0 | J95: ==I95*E95 -> 0 | K95: ==SUM(L95:S95) -> 0 | W95: ==IFERROR(SUM(Y95:CH95),"") -> 0 | X95: ==(F95+K95)-W95 -> 0
B96: 商品056 | C96: SP041 | G96: ==F96*D96 -> 0 | I96: ==H96-X96 -> 0 | J96: ==I96*E96 -> 0 | K96: ==SUM(L96:S96) -> 0 | W96: ==IFERROR(SUM(Y96:CH96),"") -> 0 | X96: ==(F96+K96)-W96 -> 0
B97: 商品057 | C97: SP042 | G97: ==F97*D97 -> 0 | I97: ==H97-X97 -> 0 | J97: ==I97*E97 -> 0 | K97: ==SUM(L97:S97) -> 0 | W97: ==IFERROR(SUM(Y97:CH97),"") -> 0 | X97: ==(F97+K97)-W97 -> 0
G98: ==F98*D98 -> 0 | I98: ==H98-X98 -> 0 | J98: ==I98*E98 -> 0 | K98: ==SUM(L98:S98) -> 0 | W98: ==IFERROR(SUM(Y98:CH98),"") -> 0 | X98: ==(F98+K98)-W98 -> 0
G99: ==F99*D99 -> 0 | I99: ==H99-X99 -> 0 | J99: ==I99*E99 -> 0 | K99: ==SUM(L99:S99) -> 0 | W99: ==IFERROR(SUM(Y99:CH99),"") -> 0 | X99: ==(F99+K99)-W99 -> 0
G100: ==F100*D100 -> 0 | I100: ==H100-X100 -> 0 | J100: ==I100*E100 -> 0 | K100: ==SUM(L100:S100) -> 0 | W100: ==IFERROR(SUM(Y100:CH100),"") -> 0 | X100: ==(F100+K100)-W100 -> 0
...

Sheet 采购成本
B1: 设备/固定资产标识成本计算，设备数量不要填错，不要填不知道的金额，模糊填写到时候又改
B3: 设备数量 | C3: 区域、固定资产标识 | D3: 显示器 | E3: 主板 | F3: CPU | G3: 显卡 | H3: 内存 | I3: 电源 | J3: 散热 | K3: 键盘 | L3: 鼠标 | M3: 耳机 | N3: 桌子 | O3: 沙发椅子 | P3: 拓展线 | Q3: 支架 | R3: 备选外设 | S3: 开关 | T3: 装修均摊 | X3: 合计
C4: 区域01 | X4: ==SUM(D4:W4) -> 0
C5: 区域02 | X5: ==SUM(D5:W5) -> 0
C6: 区域03 | X6: ==SUM(D6:W6) -> 0
C7: 区域04 | X7: ==SUM(D7:W7) -> 0
C8: 区域05 | X8: ==SUM(D8:W8) -> 0
C9: 区域06 | X9: ==SUM(D9:W9) -> 0
C10: 区域07 | X10: ==SUM(D10:W10) -> 0
X11: ==SUM(D11:W11) -> 0
X12: ==SUM(D12:W12) -> 0
X13: ==SUM(D13:W13) -> 0
X14: ==SUM(D14:W14) -> 0
X15: ==SUM(D15:W15) -> 0
X16: ==SUM(D16:W16) -> 0
X17: ==SUM(D17:W17) -> 0
X18: ==SUM(D18:W18) -> 0
X19: ==SUM(D19:W19) -> 0
X20: ==SUM(D20:W20) -> 0
X21: ==SUM(D21:W21) -> 0
X22: ==SUM(D22:W22) -> 0
... X38: ==SUM(D38:W38) -> 0
X39: ==SUM(D39+E39+F39+G39+H39+I39+J39+K39+L39+M39) -> 0
W40: 合计 | X40: ==SUM(X4:X39) -> 0

Sheet 网吧区域定价
A1: 网吧区域定价
A2: 设备数量 | B2: 区域 | C2: ==H19 -> 等级01 | D2: ==I19 -> 等级02 | E2: ==J19 -> 等级03 | F2: ==K19 -> 等级04 | G2: ==L19 -> 等级05 | H2: ==M19 -> 等级06 | I2: ==N19 -> 等级07 | J2: ==R7 -> 时段01 | K2: ==S7 -> 时段02 | L2: ==T7 -> 时段03 | M2: ==U7 -> 时段04 | N2: ==V7 -> 时段05 | O2: ==W7 -> 时段06 | P2: ==X7 -> 时段07
A3: ==采购成本!B4 -> 0 | B3: ==采购成本!C4 -> 区域01 | C3: ==H20 -> 0 | D3: ==I20 -> 0 | E3: ==J20 -> 0 | F3: ==K20 -> 0 | G3: ==L20 -> 0 | H3: ==M20 -> 0 | I3: ==N20 -> 0 | J3: ==$R$8 -> 0 | K3: ==$S$8 -> 0 | L3: ==$T$8 -> 0 | M3: ==$U$8 -> 0 | N3: ==$V$8 -> 0 | O3: ==$W$8 -> 0 | P3: ==$X$8 -> 0
A4: ==采购成本!B5 -> 0 | B4: ==采购成本!C5 -> 区域02 | C4: ==H21 -> 0 | D4: ==I21 -> 0 | E4: ==J21 -> 0 | F4: ==K21 -> 0 | G4: ==L21 -> 0 | H4: ==M21 -> 0 | I4: ==N21 -> 0 | J4: ==$R$8 -> 0 | K4: ==$S$8 -> 0 | L4: ==$T$8 -> 0 | M4: ==$U$8 -> 0 | N4: ==$V$8 -> 0 | O4: ==$W$8 -> 0 | P4: ==$X$8 -> 0
A5: ==采购成本!B6 -> 0 | B5: ==采购成本!C6 -> 区域03 | C5: ==H22 -> 0 | D5: ==I22 -> 0 | E5: ==J22 -> 0 | F5: ==K22 -> 0 | G5: ==L22 -> 0 | H5: ==M22 -> 0 | I5: ==N22 -> 0 | J5: ==$R$8 -> 0 | K5: ==$S$8 -> 0 | L5: ==$T$8 -> 0 | M5: ==$U$8 -> 0 | N5: ==$V$8 -> 0 | O5: ==$W$8 -> 0 | P5: ==$X$8 -> 0
A6: ==采购成本!B7 -> 0 | B6: ==采购成本!C7 -> 区域04 | C6: ==H23 -> 0 | D6: ==I23 -> 0 | E6: ==J23 -> 0 | F6: ==K23 -> 0 | G6: ==L23 -> 0 | H6: ==M23 -> 0 | I6: ==N23 -> 0 | J6: ==$R$8 -> 0 | K6: ==$S$8 -> 0 | L6: ==$T$8 -> 0 | M6: ==$U$8 -> 0 | N6: ==$V$8 -> 0 | O6: ==$W$8 -> 0 | P6: ==$X$8 -> 0 | R6: 包时活动（不建议限定等级，可以限定次数）
A7: ==采购成本!B8 -> 0 | B7: ==采购成本!C8 -> 区域05 | C7: ==H24 -> 0 | D7: ==I24 -> 0 | E7: ==J24 -> 0 | F7: ==K24 -> 0 | G7: ==L24 -> 0 | H7: ==M24 -> 0 | I7: ==N24 -> 0 | J7: ==$R$8 -> 0 | K7: ==$S$8 -> 0 | L7: ==$T$8 -> 0 | M7: ==$U$8 -> 0 | N7: ==$V$8 -> 0 | O7: ==$W$8 -> 0 | P7: ==$X$8 -> 0 | Q7: 类别 | R7: 时段01 | S7: 时段02 | T7: 时段03 | U7: 时段04 | V7: 时段05 | W7: 时段06 | X7: 时段07
A8: ==采购成本!B9 -> 0 | B8: ==采购成本!C9 -> 区域06 | C8: ==H25 -> 0 | D8: ==I25 -> 0 | E8: ==J25 -> 0 | F8: ==K25 -> 0 | G8: ==L25 -> 0 | H8: ==M25 -> 0 | I8: ==N25 -> 0 | J8: ==$R$8 -> 0 | K8: ==$S$8 -> 0 | L8: ==$T$8 -> 0 | M8: ==$U$8 -> 0 | N8: ==$V$8 -> 0 | O8: ==$W$8 -> 0 | P8: ==$X$8 -> 0 | Q8: 定价
A9: ==采购成本!B10 -> 0 | B9: ==采购成本!C10 -> 区域07 | C9: ==H26 -> 0 | D9: ==I26 -> 0 | E9: ==J26 -> 0 | F9: ==K26 -> 0 | G9: ==L26 -> 0 | H9: ==M26 -> 0 | I9: ==N26 -> 0 | J9: ==$R$8 -> 0 | K9: ==$S$8 -> 0 | L9: ==$T$8 -> 0 | M9: ==$U$8 -> 0 | N9: ==$V$8 -> 0 | O9: ==$W$8 -> 0 | P9: ==$X$8 -> 0 | R9: 填写各区域平均值，进行模糊统计，包时使用率太低，无太多参考价值
A10: ==采购成本!B11 -> 0 | B10: ==采购成本!C11 -> 0 | C10: ==H27 -> 0 | D10: ==I27 -> 0 | E10: ==J27 -> 0 | F10: ==K27 -> 0 | G10: ==L27 -> 0 | H10: ==M27 -> 0 | I10: ==N27 -> 0 | J10: ==$R$8 -> 0 | K10: ==$S$8 -> 0 | L10: ==$T$8 -> 0 | M10: ==$U$8 -> 0 | N10: ==$V$8 -> 0 | O10: ==$W$8 -> 0 | P10: ==$X$8 -> 0 | R10: 如过需要计算精准数据还是建议选择营销系统
A11: ==采购成本!B12 -> 0 | B11: ==采购成本!C12 -> 0 | C11: ==H28 -> 0 | D11: ==I28 -> 0 | E11: ==J28 -> 0 | F11: ==K28 -> 0 | G11: ==L28 -> 0 | H11: ==M28 -> 0 | I11: ==N28 -> 0 | J11: ==$R$8 -> 0 | K11: ==$S$8 -> 0 | L11: ==$T$8 -> 0 | M11: ==$U$8 -> 0 | N11: ==$V$8 -> 0 | O11: ==$W$8 -> 0 | P11: ==$X$8 -> 0
A12: ==采购成本!B13 -> 0 | B12: ==采购成本!C13 -> 0 | C12: ==H29 -> 0 | D12: ==I29 -> 0 | E12: ==J29 -> 0 | F12: ==K29 -> 0 | G12: ==L29 -> 0 | H12: ==M29 -> 0 | I12: ==N29 -> 0 | J12: ==$R$8 -> 0 | K12: ==$S$8 -> 0 | L12: ==$T$8 -> 0 | M12: ==$U$8 -> 0 | N12: ==$V$8 -> 0 | O12: ==$W$8 -> 0 | P12: ==$X$8 -> 0
A13: ==采购成本!B14 -> 0 | B13: ==采购成本!C14 -> 0 | C13: ==H30 -> 0 | D13: ==I30 -> 0 | E13: ==J30 -> 0 | F13: ==K30 -> 0 | G13: ==L30 -> 0 | H13: ==M30 -> 0 | I13: ==N30 -> 0 | J13: ==$R$8 -> 0 | K13: ==$S$8 -> 0 | L13: ==$T$8 -> 0 | M13: ==$U$8 -> 0 | N13: ==$V$8 -> 0 | O13: ==$W$8 -> 0 | P13: ==$X$8 -> 0
A14: ==采购成本!B15 -> 0 | B14: ==采购成本!C15 -> 0 | C14: ==H31 -> 0 | D14: ==I31 -> 0 | E14: ==J31 -> 0 | F14: ==K31 -> 0 | G14: ==L31 -> 0 | H14: ==M31 -> 0 | I14: ==N31 -> 0 | J14: ==$R$8 -> 0 | K14: ==$S$8 -> 0 | L14: ==$T$8 -> 0 | M14: ==$U$8 -> 0 | N14: ==$V$8 -> 0 | O14: ==$W$8 -> 0 | P14: ==$X$8 -> 0
A15: ==采购成本!B16 -> 0 | B15: ==采购成本!C16 -> 0 | C15: ==H32 -> 0 | D15: ==I32 -> 0 | E15: ==J32 -> 0 | F15: ==K32 -> 0 | G15: ==L32 -> 0 | H15: ==M32 -> 0 | I15: ==N32 -> 0 | J15: ==$R$8 -> 0 | K15: ==$S$8 -> 0 | L15: ==$T$8 -> 0 | M15: ==$U$8 -> 0 | N15: ==$V$8 -> 0 | O15: ==$W$8 -> 0 | P15: ==$X$8 -> 0
A16: ==采购成本!B17 -> 0 | B16: ==采购成本!C17 -> 0 | C16: ==H33 -> 0 | D16: ==I33 -> 0 | E16: ==J33 -> 0 | F16: ==K33 -> 0 | G16: ==L33 -> 0 | H16: ==M33 -> 0 | I16: ==N33 -> 0 | J16: ==$R$8 -> 0 | K16: ==$S$8 -> 0 | L16: ==$T$8 -> 0 | M16: ==$U$8 -> 0 | O16: ==$W$8 -> 0 | P16: ==$X$8 -> 0
A17: 根据采购 | B17: 根据采购区域名单 | C17: 自己填红字表头下方数据，7个还不够的就优化自己的会员体系，和包时
H18: 会员等级 | O18: 不要搞太多等级区域又不同价，10个区域 7个等级，每个等级又有自己的充送比例，和计费折扣 就已经350种不唯一组合了，还没算包时呢 | S18: 做起方案来真的是 打脑壳
G19: 区域 | H19: 等级01 | I19: 等级02 | J19: 等级03 | K19: 等级04 | L19: 等级05 | M19: 等级06 | N19: 等级07
G20: ==采购成本!C4 -> 区域01
G21: ==采购成本!C5 -> 区域02 | O21: 这里写入计费价，没有的不填
G22: ==采购成本!C6 -> 区域03
G23: ==采购成本!C7 -> 区域04
G24: ==采购成本!C8 -> 区域05
G25: ==采购成本!C9 -> 区域06
G26: ==采购成本!C10 -> 区域07
G27: ==采购成本!C11 -> 0
G28: ==采购成本!C12 -> 0
G29: ==采购成本!C13 -> 0
G30: ==采购成本!C14 -> 0
G31: ==采购成本!C15 -> 0
G32: ==采购成本!C16 -> 0
G33: ==采购成本!C17 -> 0

Sheet 充送活动
B1: 充送活动录入表
B2: 仅需填入空白底色数据 | J2: ==网吧区域定价!C2 -> 等级01 | R2: 仅需填入空白底色数据 | Z2: ==网吧区域定价!D2 -> 等级02 | AH2: 仅需填入空白底色数据 | AP2: ==网吧区域定价!E2 -> 等级03
B3: ==网吧区域定价!$B$3 -> 区域01 | J3: 只填写每个区域的 充，得两个内容 | R3: ==网吧区域定价!B3 -> 区域01 | Z3: ==DISPIMG("ID_B156F1729D8649D085C85A6DC017CB2A",1) -> #NAME? | AH3: ==网吧区域定价!$B$3 -> 区域01 | AV3: 空白单元格可插入图片 如会员等级LOGO或区域照片 点击插入选择图片，选择嵌入单元格 本文字可删除
B4: 充 | R4: 充 | AH4: 充
B5: 送 | C5: ==C6-C4 -> 0 | D5: ==D6-D4 -> 0 | E5: ==E6-E4 -> 0 | F5: ==F6-F4 -> 0 | G5: ==G6-G4 -> 0 | R5: 送 | S5: ==S6-S4 -> 0 | T5: ==T6-T4 -> 0 | U5: ==U6-U4 -> 0 | V5: ==V6-V4 -> 0 | W5: ==W6-W4 -> 0 | AH5: 送 | AI5: ==AI6-AI4 -> 0 | AJ5: ==AJ6-AJ4 -> 0 | AK5: ==AK6-AK4 -> 0 | AL5: ==AL6-AL4 -> 0 | AM5: ==AM6-AM4 -> 0
A6: ==AVERAGEIF(C7:G7,"<>") -> 0 | B6: 得 | Q6: ==AVERAGEIF(S7:W7,"<>") -> 0 | R6: 得 | AG6: ==AVERAGEIF(AI7:AM7,"<>") -> 0 | AH6: 得
B7: 小时价 | C7: ==IFERROR((C4*网吧区域定价!C3)/C6,0) -> 0 | D7: ==IFERROR((D4*网吧区域定价!C3)/D6,0) -> 0 | E7: ==IFERROR((E4*网吧区域定价!C3)/E6,0) -> 0 | F7: ==IFERROR((F4*网吧区域定价!C3)/F6,0) -> 0 | G7: ==IFERROR((G4*网吧区域定价!C3)/G6,0) -> 0 | R7: 小时价 | S7: ==IFERROR(($S$4*网吧区域定价!D3)/$S$6,0) -> 0 | T7: ==IFERROR(($T$4*网吧区域定价!D3)/$T$6,0) -> 0 | U7: ==IFERROR(($U$4*网吧区域定价!D3)/$U$6,0) -> 0 | V7: ==IFERROR(($V$4*网吧区域定价!D3)/$V$6,0) -> 0 | W7: ==IFERROR(($W$4*网吧区域定价!D3)/$W$6,0) -> 0 | AH7: 小时价 | AI7: ==IFERROR(($AI$4*网吧区域定价!$E$3)/$AI$6,0) -> 0 | AJ7: ==IFERROR(($AJ$4*网吧区域定价!$E$3)/$AJ$6,0) -> 0 | AK7: ==IFERROR(($AK$4*网吧区域定价!$E$3)/$AK$6,0) -> 0 | AL7: ==IFERROR(($AL$4*网吧区域定价!$E$3)/$AL$6,0) -> 0 | AM7: ==IFERROR(($AM$4*网吧区域定价!$E$3)/$AM$6,0) -> 0
A8: ==AVERAGEIF(C9:G9,"<>") -> 0 | B8: ==网吧区域定价!$B$4 -> 区域02 | Q8: ==AVERAGEIF(S9:W9,"<>") -> 0 | R8: ==网吧区域定价!$B$4 -> 区域02 | AG8: ==AVERAGEIF(AI9:AM9,"<>") -> 0 | AH8: ==网吧区域定价!$B$4 -> 区域02
B9: 小时价 | C9: ==IFERROR((C4*网吧区域定价!C4)/C6,0) -> 0 | D9: ==IFERROR((D4*网吧区域定价!C4)/D6,0) -> 0 | E9: ==IFERROR((E4*网吧区域定价!C4)/E6,0) -> 0 | F9: ==IFERROR((F4*网吧区域定价!C4)/F6,0) -> 0 | G9: ==IFERROR((G4*网吧区域定价!C4)/G6,0) -> 0 | R9: 小时价 | S9: ==IFERROR(($S$4*网吧区域定价!D4)/$S$6,0) -> 0 | T9: ==IFERROR(($T$4*网吧区域定价!D4)/$T$6,0) -> 0 | U9: ==IFERROR(($U$4*网吧区域定价!D4)/$U$6,0) -> 0 | V9: ==IFERROR(($V$4*网吧区域定价!D4)/$V$6,0) -> 0 | W9: ==IFERROR(($W$4*网吧区域定价!D4)/$W$6,0) -> 0 | AH9: 小时价 | AI9: ==IFERROR(($AI$4*网吧区域定价!$E$4)/$AI$6,0) -> 0 | AJ9: ==IFERROR(($AJ$4*网吧区域定价!$E$4)/$AJ$6,0) -> 0 | AK9: ==IFERROR(($AK$4*网吧区域定价!$E$4)/$AK$6,0) -> 0 | AL9: ==IFERROR(($AL$4*网吧区域定价!$E$4)/$AL$6,0) -> 0 | AM9: ==IFERROR(($AM$4*网吧区域定价!$E$4)/$AM$6,0) -> 0
A10: ==AVERAGEIF(C11:G11,"<>") -> 0 | B10: ==网吧区域定价!$B$5 -> 区域03 | I10: ==AVERAGEIF(K11:O11,"<>") -> 0 | J10: ==网吧区域定价!$B$11 -> 0 | Q10: ==AVERAGEIF(S11:W11,"<>") -> 0 | R10: ==网吧区域定价!$B$5 -> 区域03 | Y10: ==AVERAGEIF(AA11:AE11,"<>") -> 0 | Z10: ==网吧区域定价!$B$11 -> 0 | AG10: ==AVERAGEIF(AI11:AM11,"<>") -> 0 | AH10: ==网吧区域定价!$B$5 -> 区域03 | AO10: ==AVERAGEIF(AQ11:AU11,"<>") -> 0 | AP10: ==网吧区域定价!$B$11 -> 0
B11: 小时价 | C11: ==IFERROR((C4*网吧区域定价!C5)/C6,0) -> 0 | D11: ==IFERROR((D4*网吧区域定价!C5)/D6,0) -> 0 | E11: ==IFERROR((E4*网吧区域定价!C5)/E6,0) -> 0 | F11: ==IFERROR((F4*网吧区域定价!C5)/F6,0) -> 0 | G11: ==IFERROR((G4*网吧区域定价!C5)/G6,0) -> 0 | J11: 小时价 | K11: ==IFERROR(($C$4*网吧区域定价!C11)/$C$6,0) -> 0 | L11: ==IFERROR(($D$4*网吧区域定价!C11)/$D$6,0) -> 0 | M11: ==IFERROR(($E$4*网吧区域定价!C11)/$E$6,0) -> 0 | N11: ==IFERROR(($F$4*网吧区域定价!C11)/$F$6,0) -> 0 | O11: ==IFERROR(($G$4*网吧区域定价!C11)/$G$6,0) -> 0 | R11: 小时价 | S11: ==IFERROR(($S$4*网吧区域定价!D5)/$S$6,0) -> 0 | T11: ==IFERROR(($T$4*网吧区域定价!D5)/$T$6,0) -> 0 | U11: ==IFERROR(($U$4*网吧区域定价!D5)/$U$6,0) -> 0 | V11: ==IFERROR(($V$4*网吧区域定价!D5)/$V$6,0) -> 0 | W11: ==IFERROR(($W$4*网吧区域定价!D5)/$W$6,0) -> 0 | Z11: 小时价 | AA11: ==IFERROR(($S$4*网吧区域定价!D11)/$S$6,0) -> 0 | AB11: ==IFERROR(($T$4*网吧区域定价!D11)/$T$6,0) -> 0 | AC11: ==IFERROR(($U$4*网吧区域定价!D11)/$U$6,0) -> 0 | AD11: ==IFERROR(($V$4*网吧区域定价!D11)/$V$6,0) -> 0 | AE11: ==IFERROR(($W$4*网吧区域定价!D11)/$W$6,0) -> 0 | AH11: 小时价 | AI11: ==IFERROR(($AI$4*网吧区域定价!$E$5)/$AI$6,0) -> 0 | AJ11: ==IFERROR(($AJ$4*网吧区域定价!$E$5)/$AJ$6,0) -> 0 | AK11: ==IFERROR(($AK$4*网吧区域定价!$E$5)/$AK$6,0) -> 0 | AL11: ==IFERROR(($AL$4*网吧区域定价!$E$5)/$AL$6,0) -> 0 | AM11: ==IFERROR(($AM$4*网吧区域定价!$E$5)/$AM$6,0) -> 0 | AP11: 小时价 | AQ11: ==IFERROR(($AI$4*网吧区域定价!$E$11)/$AI$6,0) -> 0 | AR11: ==IFERROR(($AJ$4*网吧区域定价!$E$11)/$AJ$6,0) -> 0 | AS11: ==IFERROR(($AK$4*网吧区域定价!$E$11)/$AK$6,0) -> 0 | AT11: ==IFERROR(($AL$4*网吧区域定价!$E$11)/$AL$6,0) -> 0 | AU11: ==IFERROR(($AM$4*网吧区域定价!$E$11)/$AM$6,0) -> 0
A12: ==AVERAGEIF(C13:G13,"<>") -> 0 | B12: ==网吧区域定价!$B$6 -> 区域04 | I12: ==AVERAGEIF(K13:O13,"<>") -> 0 | J12: ==网吧区域定价!$B$12 -> 0 | Q12: ==AVERAGEIF(S13:W13,"<>") -> 0 | R12: ==网吧区域定价!$B$6 -> 区域04 | Y12: ==AVERAGEIF(AA13:AE13,"<>") -> 0 | Z12: ==网吧区域定价!$B$12 -> 0 | AG12: ==AVERAGEIF(AI13:AM13,"<>") -> 0 | AH12: ==网吧区域定价!$B$6 -> 区域04 | AO12: ==AVERAGEIF(AQ13:AU13,"<>") -> 0 | AP12: ==网吧区域定价!$B$12 -> 0
B13: 小时价 | C13: ==IFERROR((C4*网吧区域定价!C6)/C6,0) -> 0 | D13: ==IFERROR((D4*网吧区域定价!C6)/D6,0) -> 0 | E13: ==IFERROR((E4*网吧区域定价!C6)/E6,0) -> 0 | F13: ==IFERROR((F4*网吧区域定价!C6)/F6,0) -> 0 | G13: ==IFERROR((G4*网吧区域定价!C6)/G6,0) -> 0 | J13: 小时价 | K13: ==IFERROR(($C$4*网吧区域定价!C12)/$C$6,0) -> 0 | L13: ==IFERROR(($D$4*网吧区域定价!C12)/$D$6,0) -> 0 | M13: ==IFERROR(($E$4*网吧区域定价!C12)/$E$6,0) -> 0 | N13: ==IFERROR(($F$4*网吧区域定价!C12)/$F$6,0) -> 0 | O13: ==IFERROR(($G$4*网吧区域定价!C12)/$G$6,0) -> 0 | R13: 小时价 | S13: ==IFERROR(($S$4*网吧区域定价!D6)/$S$6,0) -> 0 | T13: ==IFERROR(($T$4*网吧区域定价!D6)/$T$6,0) -> 0 | U13: ==IFERROR(($U$4*网吧区域定价!D6)/$U$6,0) -> 0 | V13: ==IFERROR(($V$4*网吧区域定价!D6)/$V$6,0) -> 0 | W13: ==IFERROR(($W$4*网吧区域定价!D6)/$W$6,0) -> 0 | Z13: 小时价 | AA13: ==IFERROR(($S$4*网吧区域定价!D12)/$S$6,0) -> 0 | AB13: ==IFERROR(($T$4*网吧区域定价!D12)/$T$6,0) -> 0 | AC13: ==IFERROR(($U$4*网吧区域定价!D12)/$U$6,0) -> 0 | AD13: ==IFERROR(($V$4*网吧区域定价!D12)/$V$6,0) -> 0 | AE13: ==IFERROR(($W$4*网吧区域定价!D12)/$W$6,0) -> 0 | AH13: 小时价 | AI13: ==IFERROR(($AI$4*网吧区域定价!$E$6)/$AI$6,0) -> 0 | AJ13: ==IFERROR(($AJ$4*网吧区域定价!$E$6)/$AJ$6,0) -> 0 | AK13: ==IFERROR(($AK$4*网吧区域定价!$E$6)/$AK$6,0) -> 0 | AL13: ==IFERROR(($AL$4*网吧区域定价!$E$6)/$AL$6,0) -> 0 | AM13: ==IFERROR(($AM$4*网吧区域定价!$E$6)/$AM$6,0) -> 0 | AP13: 小时价 | AQ13: ==IFERROR(($AI$4*网吧区域定价!$E$12)/$AI$6,0) -> 0 | AR13: ==IFERROR(($AJ$4*网吧区域定价!$E$12)/$AJ$6,0) -> 0 | AS13: ==IFERROR(($AK$4*网吧区域定价!$E$12)/$AK$6,0) -> 0 | AT13: ==IFERROR(($AL$4*网吧区域定价!$E$12)/$AL$6,0) -> 0 | AU13: ==IFERROR(($AM$4*网吧区域定价!$E$12)/$AM$6,0) -> 0
A14: ==AVERAGEIF(C15:G15,"<>") -> 0 | B14: ==网吧区域定价!$B$7 -> 区域05 | I14: ==AVERAGEIF(K15:O15,"<>") -> 0 | J14: ==网吧区域定价!$B$13 -> 0 | Q14: ==AVERAGEIF(S15:W15,"<>") -> 0 | R14: ==网吧区域定价!$B$7 -> 区域05 | Y14: ==AVERAGEIF(AA15:AE15,"<>") -> 0 | Z14: ==网吧区域定价!$B$13 -> 0 | AG14: ==AVERAGEIF(AI15:AM15,"<>") -> 0 | AH14: ==网吧区域定价!$B$7 -> 区域05 | AO14: ==AVERAGEIF(AQ15:AU15,"<>") -> 0 | AP14: ==网吧区域定价!$B$13 -> 0
B15: 小时价 | C15: ==IFERROR(($C$4*网吧区域定价!C7)/$C$6,0) -> 0 | D15: ==IFERROR((D4*网吧区域定价!C7)/D6,0) -> 0 | E15: ==IFERROR((E4*网吧区域定价!C7)/E6,0) -> 0 | F15: ==IFERROR((F4*网吧区域定价!C7)/F6,0) -> 0 | G15: ==IFERROR((G4*网吧区域定价!C7)/G6,0) -> 0 | J15: 小时价 | K15: ==IFERROR(($C$4*网吧区域定价!C13)/$C$6,0) -> 0 | L15: ==IFERROR(($D$4*网吧区域定价!C13)/$D$6,0) -> 0 | M15: ==IFERROR(($E$4*网吧区域定价!C13)/$E$6,0) -> 0 | N15: ==IFERROR(($F$4*网吧区域定价!C13)/$F$6,0) -> 0 | O15: ==IFERROR(($G$4*网吧区域定价!C13)/$G$6,0) -> 0 | R15: 小时价 | S15: ==IFERROR(($S$4*网吧区域定价!D7)/$S$6,0) -> 0 | T15: ==IFERROR(($T$4*网吧区域定价!D7)/$T$6,0) -> 0 | U15: ==IFERROR(($U$4*网吧区域定价!D7)/$U$6,0) -> 0 | V15: ==IFERROR(($V$4*网吧区域定价!D7)/$V$6,0) -> 0 | W15: ==IFERROR(($W$4*网吧区域定价!D7)/$W$6,0) -> 0 | Z15: 小时价 | AA15: ==IFERROR(($S$4*网吧区域定价!D13)/$S$6,0) -> 0 | AB15: ==IFERROR(($T$4*网吧区域定价!D13)/$T$6,0) -> 0 | AC15: ==IFERROR(($U$4*网吧区域定价!D13)/$U$6,0) -> 0 | AD15: ==IFERROR(($V$4*网吧区域定价!D13)/$V$6,0) -> 0 | AE15: ==IFERROR(($W$4*网吧区域定价!D13)/$W$6,0) -> 0 | AH15: 小时价 | AI15: ==IFERROR(($AI$4*网吧区域定价!$E$7)/$AI$6,0) -> 0 | AJ15: ==IFERROR(($AJ$4*网吧区域定价!$E$7)/$AJ$6,0) -> 0 | AK15: ==IFERROR(($AK$4*网吧区域定价!$E$7)/$AK$6,0) -> 0 | AL15: ==IFERROR(($AL$4*网吧区域定价!$E$7)/$AL$6,0) -> 0 | AM15: ==IFERROR(($AM$4*网吧区域定价!$E$7)/$AM$6,0) -> 0 | AP15: 小时价 | AQ15: ==IFERROR(($AI$4*网吧区域定价!$E$13)/$AI$6,0) -> 0 | AR15: ==IFERROR(($AJ$4*网吧区域定价!$E$13)/$AJ$6,0) -> 0 | AS15: ==IFERROR(($AK$4*网吧区域定价!$E$13)/$AK$6,0) -> 0 | AT15: ==IFERROR(($AL$4*网吧区域定价!$E$13)/$AL$6,0) -> 0 | AU15: ==IFERROR(($AM$4*网吧区域定价!$E$13)/$AM$6,0) -> 0
A16: ==AVERAGEIF(C17:G17,"<>") -> 0 | B16: ==网吧区域定价!$B$8 -> 区域06 | I16: ==AVERAGEIF(K17:O17,"<>") -> 0 | J16: ==网吧区域定价!$B$14 -> 0 | Q16: ==AVERAGEIF(S17:W17,"<>") -> 0 | R16: ==网吧区域定价!$B$8 -> 区域06 | Y16: ==AVERAGEIF(AA17:AE17,"<>") -> 0 | Z16: ==网吧区域定价!$B$14 -> 0 | AG16: ==AVERAGEIF(AI17:AM17,"<>") -> 0 | AH16: ==网吧区域定价!$B$8 -> 区域06 | AO16: ==AVERAGEIF(AQ17:AU17,"<>") -> 0 | AP16: ==网吧区域定价!$B$14 -> 0
B17: 小时价 | C17: ==IFERROR(($C$4*网吧区域定价!C8)/$C$6,0) -> 0 | D17: ==IFERROR(($D$4*网吧区域定价!C8)/$D$6,0) -> 0 | E17: ==IFERROR(($E$4*网吧区域定价!C8)/$E$6,0) -> 0 | F17: ==IFERROR(($F$4*网吧区域定价!C8)/$F$6,0) -> 0 | G17: ==IFERROR(($G$4*网吧区域定价!C8)/$G$6,0) -> 0 | J17: 小时价 | K17: ==IFERROR(($C$4*网吧区域定价!C14)/$C$6,0) -> 0 | L17: ==IFERROR(($D$4*网吧区域定价!C14)/$D$6,0) -> 0 | M17: ==IFERROR(($E$4*网吧区域定价!C14)/$E$6,0) -> 0 | N17: ==IFERROR(($F$4*网吧区域定价!C14)/$F$6,0) -> 0 | O17: ==IFERROR(($G$4*网吧区域定价!C14)/$G$6,0) -> 0 | R17: 小时价 | S17: ==IFERROR(($S$4*网吧区域定价!D8)/$S$6,0) -> 0 | T17: ==IFERROR(($T$4*网吧区域定价!D8)/$T$6,0) -> 0 | U17: ==IFERROR(($U$4*网吧区域定价!D8)/$U$6,0) -> 0 | V17: ==IFERROR(($V$4*网吧区域定价!D8)/$V$6,0) -> 0 | W17: ==IFERROR(($W$4*网吧区域定价!D8)/$W$6,0) -> 0 | Z17: 小时价 | AA17: ==IFERROR(($S$4*网吧区域定价!D14)/$S$6,0) -> 0 | AB17: ==IFERROR(($T$4*网吧区域定价!D14)/$T$6,0) -> 0 | AC17: ==IFERROR(($U$4*网吧区域定价!D14)/$U$6,0) -> 0 | AD17: ==IFERROR(($V$4*网吧区域定价!D14)/$V$6,0) -> 0 | AE17: ==IFERROR(($W$4*网吧区域定价!D14)/$W$6,0) -> 0 | AH17: 小时价 | AI17: ==IFERROR(($AI$4*网吧区域定价!$E$8)/$AI$6,0) -> 0 | AJ17: ==IFERROR(($AJ$4*网吧区域定价!$E$8)/$AJ$6,0) -> 0 | AK17: ==IFERROR(($AK$4*网吧区域定价!$E$8)/$AK$6,0) -> 0 | AL17: ==IFERROR(($AL$4*网吧区域定价!$E$8)/$AL$6,0) -> 0 | AM17: ==IFERROR(($AM$4*网吧区域定价!$E$8)/$AM$6,0) -> 0 | AP17: 小时价 | AQ17: ==IFERROR(($AI$4*网吧区域定价!$E$14)/$AI$6,0) -> 0 | AR17: ==IFERROR(($AJ$4*网吧区域定价!$E$14)/$AJ$6,0) -> 0 | AS17: ==IFERROR(($AK$4*网吧区域定价!$E$14)/$AK$6,0) -> 0 | AT17: ==IFERROR(($AL$4*网吧区域定价!$E$14)/$AL$6,0) -> 0 | AU17: ==IFERROR(($AM$4*网吧区域定价!$E$14)/$AM$6,0) -> 0
A18: ==AVERAGEIF(C19:G19,"<>") -> 0 | B18: ==网吧区域定价!$B$9 -> 区域07 | I18: ==AVERAGEIF(K19:O19,"<>") -> 0 | J18: ==网吧区域定价!$B$15 -> 0 | Q18: ==AVERAGEIF(S19:W19,"<>") -> 0 | R18: ==网吧区域定价!$B$9 -> 区域07 | Y18: ==AVERAGEIF(AA19:AE19,"<>") -> 0 | Z18: ==网吧区域定价!$B$15 -> 0 | AG18: ==AVERAGEIF(AI19:AM19,"<>") -> 0 | AH18: ==网吧区域定价!$B$9 -> 区域07 | AO18: ==AVERAGEIF(AQ19:AU19,"<>") -> 0 | AP18: ==网吧区域定价!$B$15 -> 0
B19: 小时价 | C19: ==IFERROR(($C$4*网吧区域定价!C9)/$C$6,0) -> 0 | D19: ==IFERROR(($D$4*网吧区域定价!C9)/$D$6,0) -> 0 | E19: ==IFERROR(($E$4*网吧区域定价!C9)/$E$6,0) -> 0 | F19: ==IFERROR(($F$4*网吧区域定价!C10)/$F$6,0) -> 0 | G19: ==IFERROR(($G$4*网吧区域定价!C9)/$G$6,0) -> 0 | J19: 小时价 | K19: ==IFERROR(($C$4*网吧区域定价!C15)/$C$6,0) -> 0 | L19: ==IFERROR(($D$4*网吧区域定价!C15)/$D$6,0) -> 0 | M19: ==IFERROR(($E$4*网吧区域定价!C15)/$E$6,0) -> 0 | N19: ==IFERROR(($F$4*网吧区域定价!C15)/$F$6,0) -> 0 | O19: ==IFERROR(($G$4*网吧区域定价!C15)/$G$6,0) -> 0 | R19: 小时价 | S19: ==IFERROR(($S$4*网吧区域定价!D9)/$S$6,0) -> 0 | T19: ==IFERROR(($T$4*网吧区域定价!D9)/$T$6,0) -> 0 | U19: ==IFERROR(($U$4*网吧区域定价!D9)/$U$6,0) -> 0 | V19: ==IFERROR(($V$4*网吧区域定价!D9)/$V$6,0) -> 0 | W19: ==IFERROR(($W$4*网吧区域定价!D9)/$W$6,0) -> 0 | Z19: 小时价 | AA19: ==IFERROR(($S$4*网吧区域定价!D15)/$S$6,0) -> 0 | AB19: ==IFERROR(($T$4*网吧区域定价!D15)/$T$6,0) -> 0 | AC19: ==IFERROR(($U$4*网吧区域定价!D15)/$U$6,0) -> 0 | AD19: ==IFERROR(($V$4*网吧区域定价!D15)/$V$6,0) -> 0 | AE19: ==IFERROR(($W$4*网吧区域定价!D15)/$W$6,0) -> 0 | AH19: 小时价 | AI19: ==IFERROR(($AI$4*网吧区域定价!$E$9)/$AI$6,0) -> 0 | AJ19: ==IFERROR(($AJ$4*网吧区域定价!$E$9)/$AJ$6,0) -> 0 | AK19: ==IFERROR(($AK$4*网吧区域定价!$E$9)/$AK$6,0) -> 0 | AL19: ==IFERROR(($AL$4*网吧区域定价!$E$9)/$AL$6,0) -> 0 | AM19: ==IFERROR(($AM$4*网吧区域定价!$E$9)/$AM$6,0) -> 0 | AP19: 小时价 | AQ19: ==IFERROR(($AI$4*网吧区域定价!$E$15)/$AI$6,0) -> 0 | AR19: ==IFERROR(($AJ$4*网吧区域定价!$E$15)/$AJ$6,0) -> 0 | AS19: ==IFERROR(($AK$4*网吧区域定价!$E$15)/$AK$6,0) -> 0 | AT19: ==IFERROR(($AL$4*网吧区域定价!$E$15)/$AL$6,0) -> 0 | AU19: ==IFERROR(($AM$4*网吧区域定价!$E$15)/$AM$6,0) -> 0
A20: ==AVERAGEIF(C21:G21,"<>") -> 0 | B20: ==网吧区域定价!$B$10 -> 0 | I20: ==AVERAGEIF(K21:O21,"<>") -> 0 | J20: ==网吧区域定价!$B$16 -> 0 | Q20: ==AVERAGEIF(S21:W21,"<>") -> 0 | R20: ==网吧区域定价!$B$10 -> 0 | Y20: ==AVERAGEIF(AA21:AE21,"<>") -> 0 | Z20: ==网吧区域定价!$B$16 -> 0 | AG20: ==AVERAGEIF(AI21:AM21,"<>") -> 0 | AH20: ==网吧区域定价!$B$10 -> 0 | AO20: ==AVERAGEIF(AQ21:AU21,"<>") -> 0 | AP20: ==网吧区域定价!$B$16 -> 0
B21: 小时价 | C21: ==IFERROR(($C$4*网吧区域定价!C10)/$C$6,0) -> 0 | D21: ==IFERROR(($D$4*网吧区域定价!C10)/$D$6,0) -> 0 | E21: ==IFERROR(($E$4*网吧区域定价!C10)/$E$6,0) -> 0 | F21: ==IFERROR(($F$4*网吧区域定价!C10)/$F$6,0) -> 0 | G21: ==IFERROR(($G$4*网吧区域定价!C10)/$G$6,0) -> 0 | J21: 小时价 | K21: ==IFERROR(($C$4*网吧区域定价!C16)/$C$6,0) -> 0 | L21: ==IFERROR(($D$4*网吧区域定价!C16)/$D$6,0) -> 0 | M21: ==IFERROR(($E$4*网吧区域定价!C16)/$E$6,0) -> 0 | N21: ==IFERROR(($F$4*网吧区域定价!C16)/$F$6,0) -> 0 | O21: ==IFERROR(($G$4*网吧区域定价!C16)/$G$6,0) -> 0 | R21: 小时价 | S21: ==IFERROR(($S$4*网吧区域定价!D10)/$S$6,0) -> 0 | T21: ==IFERROR(($T$4*网吧区域定价!D10)/$T$6,0) -> 0 | U21: ==IFERROR(($U$4*网吧区域定价!D10)/$U$6,0) -> 0 | V21: ==IFERROR(($V$4*网吧区域定价!D10)/$V$6,0) -> 0 | W21: ==IFERROR(($W$4*网吧区域定价!D10)/$W$6,0) -> 0 | Z21: 小时价 | AA21: ==IFERROR(($S$4*网吧区域定价!D16)/$S$6,0) -> 0 | AB21: ==IFERROR(($T$4*网吧区域定价!D16)/$T$6,0) -> 0 | AC21: ==IFERROR(($U$4*网吧区域定价!D16)/$U$6,0) -> 0 | AD21: ==IFERROR(($V$4*网吧区域定价!D16)/$V$6,0) -> 0 | AE21: ==IFERROR(($W$4*网吧区域定价!D16)/$W$6,0) -> 0 | AH21: 小时价 | AI21: ==IFERROR(($AI$4*网吧区域定价!$E$10)/$AI$6,0) -> 0 | AJ21: ==IFERROR(($AJ$4*网吧区域定价!$E$10)/$AJ$6,0) -> 0 | AK21: ==IFERROR(($AK$4*网吧区域定价!$E$10)/$AK$6,0) -> 0 | AL21: ==IFERROR(($AL$4*网吧区域定价!$E$10)/$AL$6,0) -> 0 | AM21: ==IFERROR(($AM$4*网吧区域定价!$E$10)/$AM$6,0) -> 0 | AP21: 小时价 | AQ21: ==IFERROR(($AI$4*网吧区域定价!$E$16)/$AI$6,0) -> 0 | AR21: ==IFERROR(($AJ$4*网吧区域定价!$E$16)/$AJ$6,0) -> 0 | AS21: ==IFERROR(($AK$4*网吧区域定价!$E$16)/$AK$6,0) -> 0 | AT21: ==IFERROR(($AL$4*网吧区域定价!$E$16)/$AL$6,0) -> 0 | AU21: ==IFERROR(($AM$4*网吧区域定价!$E$16)/$AM$6,0) -> 0
B22: 仅需填入空白底色数据 | J22: ==网吧区域定价!F2 -> 等级04 | R22: 仅需填入空白底色数据 | Z22: ==网吧区域定价!G2 -> 等级05 | AH22: 仅需填入空白底色数据 | AP22: ==网吧区域定价!H2 -> 等级06
B23: ==网吧区域定价!$B$3 -> 区域01 | R23: ==网吧区域定价!$B$3 -> 区域01 | AH23: ==网吧区域定价!$B$3 -> 区域01
B24: 充 | R24: 充 | AH24: 充
B25: 送 | C25: ==C26-C24 -> 0 | D25: ==D26-D24 -> 0 | E25: ==E26-E24 -> 0 | F25: ==F26-F24 -> 0 | G25: ==G26-G24 -> 0 | R25: 送 | S25: ==S26-S24 -> 0 | T25: ==T26-T24 -> 0 | U25: ==U26-U24 -> 0 | V25: ==V26-V24 -> 0 | W25: ==W26-W24 -> 0 | AH25: 送 | AI25: ==AI26-AI24 -> 0 | AJ25: ==AJ26-AJ24 -> 0 | AK25: ==AK26-AK24 -> 0 | AL25: ==AL26-AL24 -> 0 | AM25: ==AM26-AM24 -> 0
A26: ==AVERAGEIF(C27:G27,"<>") -> 0 | B26: 得 | Q26: ==AVERAGEIF(S27:W27,"<>") -> 0 | R26: 得 | AG26: ==AVERAGEIF(AI27:AM27,"<>") -> 0 | AH26: 得
B27: 小时价 | C27: ==IFERROR(($C$24*网吧区域定价!$F$3)/$C$26,0) -> 0 | D27: ==IFERROR(($D$24*网吧区域定价!$F$3)/$D$26,0) -> 0 | E27: ==IFERROR(($E$24*网吧区域定价!$F$3)/$E$26,0) -> 0 | F27: ==IFERROR(($F$24*网吧区域定价!$F$3)/$F$26,0) -> 0 | G27: ==IFERROR(($G$24*网吧区域定价!$F$3)/$G$26,0) -> 0 | R27: 小时价 | S27: ==IFERROR(($S$24*网吧区域定价!$G$3)/$S$26,0) -> 0 | T27: ==IFERROR(($T$24*网吧区域定价!$G$3)/$T$26,0) -> 0 | U27: ==IFERROR(($U$24*网吧区域定价!$G$3)/$U$26,0) -> 0 | V27: ==IFERROR(($V$24*网吧区域定价!$G$3)/$V$26,0) -> 0 | W27: ==IFERROR(($W$24*网吧区域定价!$G$3)/$W$26,0) -> 0 | AH27: 小时价 | AI27: ==IFERROR(($AI$24*网吧区域定价!$H$3)/$AI$26,0) -> 0 | AJ27: ==IFERROR(($AJ$24*网吧区域定价!$H$3)/$AJ$26,0) -> 0 | AK27: ==IFERROR(($AK$24*网吧区域定价!$H$3)/$AK$26,0) -> 0 | AL27: ==IFERROR(($AL$24*网吧区域定价!$H$3)/$AL$26,0) -> 0 | AM27: ==IFERROR(($AM$24*网吧区域定价!$H$3)/$AM$26,0) -> 0
A28: ==AVERAGEIF(C29:G29,"<>") -> 0 | B28: ==网吧区域定价!$B$4 -> 区域02 | Q28: ==AVERAGEIF(S29:W29,"<>") -> 0 | R28: ==网吧区域定价!$B$4 -> 区域02 | AG28: ==AVERAGEIF(AI29:AM29,"<>") -> 0 | AH28: ==网吧区域定价!$B$4 -> 区域02
B29: 小时价 | C29: ==IFERROR(($C$24*网吧区域定价!$F$4)/$C$26,0) -> 0 | D29: ==IFERROR(($D$24*网吧区域定价!$F$4)/$D$26,0) -> 0 | E29: ==IFERROR(($E$24*网吧区域定价!$F$4)/$E$26,0) -> 0 | F29: ==IFERROR(($F$24*网吧区域定价!$F$4)/$F$26,0) -> 0 | G29: ==IFERROR(($G$24*网吧区域定价!$F$4)/$G$26,0) -> 0 | R29: 小时价 | S29: ==IFERROR(($S$24*网吧区域定价!$G$4)/$S$26,0) -> 0 | T29: ==IFERROR(($T$24*网吧区域定价!$G$4)/$T$26,0) -> 0 | U29: ==IFERROR(($U$24*网吧区域定价!$G$4)/$U$26,0) -> 0 | V29: ==IFERROR(($V$24*网吧区域定价!$G$4)/$V$26,0) -> 0 | W29: ==IFERROR(($W$24*网吧区域定价!$G$4)/$W$26,0) -> 0 | AH29: 小时价 | AI29: ==IFERROR(($AI$24*网吧区域定价!$H$4)/$AI$26,0) -> 0 | AJ29: ==IFERROR(($AJ$24*网吧区域定价!$H$4)/$AJ$26,0) -> 0 | AK29: ==IFERROR(($AK$24*网吧区域定价!$H$4)/$AK$26,0) -> 0 | AL29: ==IFERROR(($AL$24*网吧区域定价!$H$4)/$AL$26,0) -> 0 | AM29: ==IFERROR(($AM$24*网吧区域定价!$H$4)/$AM$26,0) -> 0
A30: ==AVERAGEIF(C31:G31,"<>") -> 0 | B30: ==网吧区域定价!$B$5 -> 区域03 | I30: ==AVERAGEIF(K31:O31,"<>") -> 0 | J30: ==网吧区域定价!$B$11 -> 0 | Q30: ==AVERAGEIF(S31:W31,"<>") -> 0 | R30: ==网吧区域定价!$B$5 -> 区域03 | Y30: ==AVERAGEIF(AA31:AE31,"<>") -> 0 | Z30: ==网吧区域定价!$B$11 -> 0 | AG30: ==AVERAGEIF(AI31:AM31,"<>") -> 0 | AH30: ==网吧区域定价!$B$5 -> 区域03 | AO30: ==AVERAGEIF(AQ31:AU31,"<>") -> 0 | AP30: ==网吧区域定价!$B$11 -> 0
B31: 小时价 | C31: ==IFERROR(($C$24*网吧区域定价!$F$5)/$C$26,0) -> 0 | D31: ==IFERROR(($D$24*网吧区域定价!$F$5)/$D$26,0) -> 0 | E31: ==IFERROR(($E$24*网吧区域定价!$F$5)/$E$26,0) -> 0 | F31: ==IFERROR(($F$24*网吧区域定价!$F$5)/$F$26,0) -> 0 | G31: ==IFERROR(($G$24*网吧区域定价!$F$5)/$G$26,0) -> 0 | J31: 小时价 | K31: ==IFERROR(($C$24*网吧区域定价!$F$11)/$C$26,0) -> 0 | L31: ==IFERROR(($D$24*网吧区域定价!$F$11)/$D$26,0) -> 0 | M31: ==IFERROR(($E$24*网吧区域定价!$F$11)/$E$26,0) -> 0 | N31: ==IFERROR(($F$24*网吧区域定价!$F$11)/$F$26,0) -> 0 | O31: ==IFERROR(($G$24*网吧区域定价!$F$11)/$G$26,0) -> 0 | R31: 小时价 | S31: ==IFERROR(($S$24*网吧区域定价!$G$5)/$S$26,0) -> 0 | T31: ==IFERROR(($T$24*网吧区域定价!$G$5)/$T$26,0) -> 0 | U31: ==IFERROR(($U$24*网吧区域定价!$G$5)/$U$26,0) -> 0 | V31: ==IFERROR(($V$24*网吧区域定价!$G$5)/$V$26,0) -> 0 | W31: ==IFERROR(($W$24*网吧区域定价!$G$5)/$W$26,0) -> 0 | Z31: 小时价 | AA31: ==IFERROR(($S$24*网吧区域定价!$G$11)/$S$26,0) -> 0 | AB31: ==IFERROR(($T$24*网吧区域定价!$G$11)/$T$26,0) -> 0 | AC31: ==IFERROR(($U$24*网吧区域定价!$G$11)/$U$26,0) -> 0 | AD31: ==IFERROR(($V$24*网吧区域定价!$G$11)/$V$26,0) -> 0 | AE31: ==IFERROR(($W$24*网吧区域定价!$G$11)/$W$26,0) -> 0 | AH31: 小时价 | AI31: ==IFERROR(($AI$24*网吧区域定价!$H$5)/$AI$26,0) -> 0 | AJ31: ==IFERROR(($AJ$24*网吧区域定价!$H$5)/$AJ$26,0) -> 0 | AK31: ==IFERROR(($AK$24*网吧区域定价!$H$5)/$AK$26,0) -> 0 | AL31: ==IFERROR(($AL$24*网吧区域定价!$H$5)/$AL$26,0) -> 0 | AM31: ==IFERROR(($AM$24*网吧区域定价!$H$5)/$AM$26,0) -> 0 | AP31: 小时价 | AQ31: ==IFERROR(($AI$24*网吧区域定价!$H$11)/$AI$26,0) -> 0 | AR31: ==IFERROR(($AJ$24*网吧区域定价!$H$11)/$AJ$26,0) -> 0 | AS31: ==IFERROR(($AK$24*网吧区域定价!$H$11)/$AK$26,0) -> 0 | AT31: ==IFERROR(($AL$24*网吧区域定价!$H$11)/$AL$26,0) -> 0 | AU31: ==IFERROR(($AM$24*网吧区域定价!$H$11)/$AM$26,0) -> 0
A32: ==AVERAGEIF(C33:G33,"<>") -> 0 | B32: ==网吧区域定价!$B$6 -> 区域04 | I32: ==AVERAGEIF(K33:O33,"<>") -> 0 | J32: ==网吧区域定价!$B$12 -> 0 | Q32: ==AVERAGEIF(S33:W33,"<>") -> 0 | R32: ==网吧区域定价!$B$6 -> 区域04 | Y32: ==AVERAGEIF(AA33:AE33,"<>") -> 0 | Z32: ==网吧区域定价!$B$12 -> 0 | AG32: ==AVERAGEIF(AI33:AM33,"<>") -> 0 | AH32: ==网吧区域定价!$B$6 -> 区域04 | AO32: ==AVERAGEIF(AQ33:AU33,"<>") -> 0 | AP32: ==网吧区域定价!$B$12 -> 0
B33: 小时价 | C33: ==IFERROR(($C$24*网吧区域定价!$F$6)/$C$26,0) -> 0 | D33: ==IFERROR(($D$24*网吧区域定价!$F$6)/$D$26,0) -> 0 | E33: ==IFERROR(($E$24*网吧区域定价!$F$6)/$E$26,0) -> 0 | F33: ==IFERROR(($F$24*网吧区域定价!$F$6)/$F$26,0) -> 0 | G33: ==IFERROR(($G$24*网吧区域定价!$F$6)/$G$26,0) -> 0 | J33: 小时价 | K33: ==IFERROR(($C$24*网吧区域定价!$F$12)/$C$26,0) -> 0 | L33: ==IFERROR(($D$24*网吧区域定价!$F$12)/$D$26,0) -> 0 | M33: ==IFERROR(($E$24*网吧区域定价!$F$12)/$E$26,0) -> 0 | N33: ==IFERROR(($F$24*网吧区域定价!$F$12)/$F$26,0) -> 0 | O33: ==IFERROR(($G$24*网吧区域定价!$F$12)/$G$26,0) -> 0 | R33: 小时价 | S33: ==IFERROR(($S$24*网吧区域定价!$G$6)/$S$26,0) -> 0 | T33: ==IFERROR(($T$24*网吧区域定价!$G$6)/$T$26,0) -> 0 | U33: ==IFERROR(($U$24*网吧区域定价!$G$6)/$U$26,0) -> 0 | V33: ==IFERROR(($V$24*网吧区域定价!$G$6)/$V$26,0) -> 0 | W33: ==IFERROR(($W$24*网吧区域定价!$G$6)/$W$26,0) -> 0 | Z33: 小时价 | AA33: ==IFERROR(($S$24*网吧区域定价!$G$12)/$S$26,0) -> 0 | AB33: ==IFERROR(($T$24*网吧区域定价!$G$12)/$T$26,0) -> 0 | AC33: ==IFERROR(($U$24*网吧区域定价!$G$12)/$U$26,0) -> 0 | AD33: ==IFERROR(($V$24*网吧区域定价!$G$12)/$V$26,0) -> 0 | AE33: ==IFERROR(($W$24*网吧区域定价!$G$12)/$W$26,0) -> 0 | AH33: 小时价 | AI33: ==IFERROR(($AI$24*网吧区域定价!$H$6)/$AI$26,0) -> 0 | AJ33: ==IFERROR(($AJ$24*网吧区域定价!$H$6)/$AJ$26,0) -> 0 | AK33: ==IFERROR(($AK$24*网吧区域定价!$H$6)/$AK$26,0) -> 0 | AL33: ==IFERROR(($AL$24*网吧区域定价!$H$6)/$AL$26,0) -> 0 | AM33: ==IFERROR(($AM$24*网吧区域定价!$H$6)/$AM$26,0) -> 0 | AP33: 小时价 | AQ33: ==IFERROR(($AI$24*网吧区域定价!$H$12)/$AI$26,0) -> 0 | AR33: ==IFERROR(($AJ$24*网吧区域定价!$H$12)/$AJ$26,0) -> 0 | AS33: ==IFERROR(($AK$24*网吧区域定价!$H$12)/$AK$26,0) -> 0 | AT33: ==IFERROR(($AL$24*网吧区域定价!$H$12)/$AL$26,0) -> 0 | AU33: ==IFERROR(($AM$24*网吧区域定价!$H$12)/$AM$26,0) -> 0
A34: ==AVERAGEIF(C35:G35,"<>") -> 0 | B34: ==网吧区域定价!$B$7 -> 区域05 | I34: ==AVERAGEIF(K35:O35,"<>") -> 0 | J34: ==网吧区域定价!$B$13 -> 0 | Q34: ==AVERAGEIF(S35:W35,"<>") -> 0 | R34: ==网吧区域定价!$B$7 -> 区域05 | Y34: ==AVERAGEIF(AA35:AE35,"<>") -> 0 | Z34: ==网吧区域定价!$B$13 -> 0 | AG34: ==AVERAGEIF(AI35:AM35,"<>") -> 0 | AH34: ==网吧区域定价!$B$7 -> 区域05 | AO34: ==AVERAGEIF(AQ35:AU35,"<>") -> 0 | AP34: ==网吧区域定价!$B$13 -> 0
B35: 小时价 | C35: ==IFERROR(($C$24*网吧区域定价!$F$7)/$C$26,0) -> 0 | D35: ==IFERROR(($D$24*网吧区域定价!$F$7)/$D$26,0) -> 0 | E35: ==IFERROR(($E$24*网吧区域定价!$F$7)/$E$26,0) -> 0 | F35: ==IFERROR(($F$24*网吧区域定价!$F$7)/$F$26,0) -> 0 | G35: ==IFERROR(($G$24*网吧区域定价!$F$7)/$G$26,0) -> 0 | J35: 小时价 | K35: ==IFERROR(($C$24*网吧区域定价!$F$13)/$C$26,0) -> 0 | L35: ==IFERROR(($D$24*网吧区域定价!$F$13)/$D$26,0) -> 0 | M35: ==IFERROR(($E$24*网吧区域定价!$F$13)/$E$26,0) -> 0 | N35: ==IFERROR(($F$24*网吧区域定价!$F$13)/$F$26,0) -> 0 | O35: ==IFERROR(($G$24*网吧区域定价!$F$13)/$G$26,0) -> 0 | R35: 小时价 | S35: ==IFERROR(($S$24*网吧区域定价!$G$7)/$S$26,0) -> 0 | T35: ==IFERROR(($T$24*网吧区域定价!$G$7)/$T$26,0) -> 0 | U35: ==IFERROR(($U$24*网吧区域定价!$G$7)/$U$26,0) -> 0 | V35: ==IFERROR(($V$24*网吧区域定价!$G$7)/$V$26,0) -> 0 | W35: ==IFERROR(($W$24*网吧区域定价!$G$7)/$W$26,0) -> 0 | Z35: 小时价 | AA35: ==IFERROR(($S$24*网吧区域定价!$G$13)/$S$26,0) -> 0 | AB35: ==IFERROR(($T$24*网吧区域定价!$G$13)/$T$26,0) -> 0 | AC35: ==IFERROR(($U$24*网吧区域定价!$G$13)/$U$26,0) -> 0 | AD35: ==IFERROR(($V$24*网吧区域定价!$G$13)/$V$26,0) -> 0 | AE35: ==IFERROR(($W$24*网吧区域定价!$G$13)/$W$26,0) -> 0 | AH35: 小时价 | AI35: ==IFERROR(($AI$24*网吧区域定价!$H$7)/$AI$26,0) -> 0 | AJ35: ==IFERROR(($AJ$24*网吧区域定价!$H$7)/$AJ$26,0) -> 0 | AK35: ==IFERROR(($AK$24*网吧区域定价!$H$7)/$AK$26,0) -> 0 | AL35: ==IFERROR(($AL$24*网吧区域定价!$H$7)/$AL$26,0) -> 0 | AM35: ==IFERROR(($AM$24*网吧区域定价!$H$7)/$AM$26,0) -> 0 | AP35: 小时价 | AQ35: ==IFERROR(($AI$24*网吧区域定价!$H$13)/$AI$26,0) -> 0 | AR35: ==IFERROR(($AJ$24*网吧区域定价!$H$13)/$AJ$26,0) -> 0 | AS35: ==IFERROR(($AK$24*网吧区域定价!$H$13)/$AK$26,0) -> 0 | AT35: ==IFERROR(($AL$24*网吧区域定价!$H$13)/$AL$26,0) -> 0 | AU35: ==IFERROR(($AM$24*网吧区域定价!$H$13)/$AM$26,0) -> 0
A36: ==AVERAGEIF(C37:G37,"<>") -> 0 | B36: ==网吧区域定价!$B$8 -> 区域06 | I36: ==AVERAGEIF(K37:O37,"<>") -> 0 | J36: ==网吧区域定价!$B$14 -> 0 | Q36: ==AVERAGEIF(S37:W37,"<>") -> 0 | R36: ==网吧区域定价!$B$8 -> 区域06 | Y36: ==AVERAGEIF(AA37:AE37,"<>") -> 0 | Z36: ==网吧区域定价!$B$14 -> 0 | AG36: ==AVERAGEIF(AI37:AM37,"<>") -> 0 | AH36: ==网吧区域定价!$B$8 -> 区域06 | AO36: ==AVERAGEIF(AQ37:AU37,"<>") -> 0 | AP36: ==网吧区域定价!$B$14 -> 0
B37: 小时价 | C37: ==IFERROR(($C$24*网吧区域定价!$F$8)/$C$26,0) -> 0 | D37: ==IFERROR(($D$24*网吧区域定价!$F$8)/$D$26,0) -> 0 | E37: ==IFERROR(($E$24*网吧区域定价!$F$8)/$E$26,0) -> 0 | F37: ==IFERROR(($F$24*网吧区域定价!$F$8)/$F$26,0) -> 0 | G37: ==IFERROR(($G$24*网吧区域定价!$F$8)/$G$26,0) -> 0 | J37: 小时价 | K37: ==IFERROR(($C$24*网吧区域定价!$F$14)/$C$26,0) -> 0 | L37: ==IFERROR(($D$24*网吧区域定价!$F$14)/$D$26,0) -> 0 | M37: ==IFERROR(($E$24*网吧区域定价!$F$14)/$E$26,0) -> 0 | N37: ==IFERROR(($F$24*网吧区域定价!$F$14)/$F$26,0) -> 0 | O37: ==IFERROR(($G$24*网吧区域定价!$F$14)/$G$26,0) -> 0 | R37: 小时价 | S37: ==IFERROR(($S$24*网吧区域定价!$G$8)/$S$26,0) -> 0 | T37: ==IFERROR(($T$24*网吧区域定价!$G$8)/$T$26,0) -> 0 | U37: ==IFERROR(($U$24*网吧区域定价!$G$8)/$U$26,0) -> 0 | V37: ==IFERROR(($V$24*网吧区域定价!$G$8)/$V$26,0) -> 0 | W37: ==IFERROR(($W$24*网吧区域定价!$G$8)/$W$26,0) -> 0 | Z37: 小时价 | AA37: ==IFERROR(($S$24*网吧区域定价!$G$14)/$S$26,0) -> 0 | AB37: ==IFERROR(($T$24*网吧区域定价!$G$14)/$T$26,0) -> 0 | AC37: ==IFERROR(($U$24*网吧区域定价!$G$14)/$U$26,0) -> 0 | AD37: ==IFERROR(($V$24*网吧区域定价!$G$14)/$V$26,0) -> 0 | AE37: ==IFERROR(($W$24*网吧区域定价!$G$14)/$W$26,0) -> 0 | AH37: 小时价 | AI37: ==IFERROR(($AI$24*网吧区域定价!$H$8)/$AI$26,0) -> 0 | AJ37: ==IFERROR(($AJ$24*网吧区域定价!$H$8)/$AJ$26,0) -> 0 | AK37: ==IFERROR(($AK$24*网吧区域定价!$H$8)/$AK$26,0) -> 0 | AL37: ==IFERROR(($AL$24*网吧区域定价!$H$8)/$AL$26,0) -> 0 | AM37: ==IFERROR(($AM$24*网吧区域定价!$H$8)/$AM$26,0) -> 0 | AP37: 小时价 | AQ37: ==IFERROR(($AI$24*网吧区域定价!$H$14)/$AI$26,0) -> 0 | AR37: ==IFERROR(($AJ$24*网吧区域定价!$H$14)/$AJ$26,0) -> 0 | AS37: ==IFERROR(($AK$24*网吧区域定价!$H$14)/$AK$26,0) -> 0 | AT37: ==IFERROR(($AL$24*网吧区域定价!$H$14)/$AL$26,0) -> 0 | AU37: ==IFERROR(($AM$24*网吧区域定价!$H$14)/$AM$26,0) -> 0
A38: ==AVERAGEIF(C39:G39,"<>") -> 0 | B38: ==网吧区域定价!$B$9 -> 区域07 | I38: ==AVERAGEIF(K39:O39,"<>") -> 0 | J38: ==网吧区域定价!$B$15 -> 0 | Q38: ==AVERAGEIF(S39:W39,"<>") -> 0 | R38: ==网吧区域定价!$B$9 -> 区域07 | Y38: ==AVERAGEIF(AA39:AE39,"<>") -> 0 | Z38: ==网吧区域定价!$B$15 -> 0 | AG38: ==AVERAGEIF(AI39:AM39,"<>") -> 0 | AH38: ==网吧区域定价!$B$9 -> 区域07 | AO38: ==AVERAGEIF(AQ39:AU39,"<>") -> 0 | AP38: ==网吧区域定价!$B$15 -> 0
B39: 小时价 | C39: ==IFERROR(($C$24*网吧区域定价!$F$9)/$C$26,0) -> 0 | D39: ==IFERROR(($D$24*网吧区域定价!$F$9)/$D$26,0) -> 0 | E39: ==IFERROR(($E$24*网吧区域定价!$F$9)/$E$26,0) -> 0 | F39: ==IFERROR(($F$24*网吧区域定价!$F$9)/$F$26,0) -> 0 | G39: ==IFERROR(($G$24*网吧区域定价!$F$9)/$G$26,0) -> 0 | J39: 小时价 | K39: ==IFERROR(($C$24*网吧区域定价!$F$15)/$C$26,0) -> 0 | L39: ==IFERROR(($D$24*网吧区域定价!$F$15)/$D$26,0) -> 0 | M39: ==IFERROR(($E$24*网吧区域定价!$F$15)/$E$26,0) -> 0 | N39: ==IFERROR(($F$24*网吧区域定价!$F$15)/$F$26,0) -> 0 | O39: ==IFERROR(($G$24*网吧区域定价!$F$15)/$G$26,0) -> 0 | R39: 小时价 | S39: ==IFERROR(($S$24*网吧区域定价!$G$9)/$S$26,0) -> 0 | T39: ==IFERROR(($T$24*网吧区域定价!$G$9)/$T$26,0) -> 0 | U39: ==IFERROR(($U$24*网吧区域定价!$G$9)/$U$26,0) -> 0 | V39: ==IFERROR(($V$24*网吧区域定价!$G$9)/$V$26,0) -> 0 | W39: ==IFERROR(($W$24*网吧区域定价!$G$9)/$W$26,0) -> 0 | Z39: 小时价 | AA39: ==IFERROR(($S$24*网吧区域定价!$G$15)/$S$26,0) -> 0 | AB39: ==IFERROR(($T$24*网吧区域定价!$G$15)/$T$26,0) -> 0 | AC39: ==IFERROR(($U$24*网吧区域定价!$G$15)/$U$26,0) -> 0 | AD39: ==IFERROR(($V$24*网吧区域定价!$G$15)/$V$26,0) -> 0 | AE39: ==IFERROR(($W$24*网吧区域定价!$G$15)/$W$26,0) -> 0 | AH39: 小时价 | AI39: ==IFERROR(($AI$24*网吧区域定价!$H$9)/$AI$26,0) -> 0 | AJ39: ==IFERROR(($AJ$24*网吧区域定价!$H$9)/$AJ$26,0) -> 0 | AK39: ==IFERROR(($AK$24*网吧区域定价!$H$9)/$AK$26,0) -> 0 | AL39: ==IFERROR(($AL$24*网吧区域定价!$H$9)/$AL$26,0) -> 0 | AM39: ==IFERROR(($AM$24*网吧区域定价!$H$9)/$AM$26,0) -> 0 | AP39: 小时价 | AQ39: ==IFERROR(($AI$24*网吧区域定价!$H$15)/$AI$26,0) -> 0 | AR39: ==IFERROR(($AJ$24*网吧区域定价!$H$15)/$AJ$26,0) -> 0 | AS39: ==IFERROR(($AK$24*网吧区域定价!$H$15)/$AK$26,0) -> 0 | AT39: ==IFERROR(($AL$24*网吧区域定价!$H$15)/$AL$26,0) -> 0 | AU39: ==IFERROR(($AM$24*网吧区域定价!$H$15)/$AM$26,0) -> 0
A40: ==AVERAGEIF(C41:G41,"<>") -> 0 | B40: ==网吧区域定价!$B$10 -> 0 | I40: ==AVERAGEIF(K41:O41,"<>") -> 0 | J40: ==网吧区域定价!$B$16 -> 0 | Q40: ==AVERAGEIF(S41:W41,"<>") -> 0 | R40: ==网吧区域定价!$B$10 -> 0 | Y40: ==AVERAGEIF(AA41:AE41,"<>") -> 0 | Z40: ==网吧区域定价!$B$16 -> 0 | AG40: ==AVERAGEIF(AI41:AM41,"<>") -> 0 | AH40: ==网吧区域定价!$B$10 -> 0 | AO40: ==AVERAGEIF(AQ41:AU41,"<>") -> 0 | AP40: ==网吧区域定价!$B$16 -> 0
B41: 小时价 | C41: ==IFERROR(($C$24*网吧区域定价!$F$10)/$C$26,0) -> 0 | D41: ==IFERROR(($D$24*网吧区域定价!$F$10)/$D$26,0) -> 0 | E41: ==IFERROR(($E$24*网吧区域定价!$F$10)/$E$26,0) -> 0 | F41: ==IFERROR(($F$24*网吧区域定价!$F$10)/$F$26,0) -> 0 | G41: ==IFERROR(($G$24*网吧区域定价!$F$10)/$G$26,0) -> 0 | J41: 小时价 | K41: ==IFERROR(($C$24*网吧区域定价!$F$16)/$C$26,0) -> 0 | L41: ==IFERROR(($D$24*网吧区域定价!$F$16)/$D$26,0) -> 0 | M41: ==IFERROR(($E$24*网吧区域定价!$F$16)/$E$26,0) -> 0 | N41: ==IFERROR(($F$24*网吧区域定价!$F$16)/$F$26,0) -> 0 | O41: ==IFERROR(($G$24*网吧区域定价!$F$16)/$G$26,0) -> 0 | R41: 小时价 | S41: ==IFERROR(($S$24*网吧区域定价!$G$10)/$S$26,0) -> 0 | T41: ==IFERROR(($T$24*网吧区域定价!$G$10)/$T$26,0) -> 0 | U41: ==IFERROR(($U$24*网吧区域定价!$G$10)/$U$26,0) -> 0 | V41: ==IFERROR(($V$24*网吧区域定价!$G$10)/$V$26,0) -> 0 | W41: ==IFERROR(($W$24*网吧区域定价!$G$10)/$W$26,0) -> 0 | Z41: 小时价 | AA41: ==IFERROR(($S$24*网吧区域定价!$G$16)/$S$26,0) -> 0 | AB41: ==IFERROR(($T$24*网吧区域定价!$G$16)/$T$26,0) -> 0 | AC41: ==IFERROR(($U$24*网吧区域定价!$G$16)/$U$26,0) -> 0 | AD41: ==IFERROR(($V$24*网吧区域定价!$G$16)/$V$26,0) -> 0 | AE41: ==IFERROR(($W$24*网吧区域定价!$G$16)/$W$26,0) -> 0 | AH41: 小时价 | AI41: ==IFERROR(($AI$24*网吧区域定价!$H$10)/$AI$26,0) -> 0 | AJ41: ==IFERROR(($AJ$24*网吧区域定价!$H$10)/$AJ$26,0) -> 0 | AK41: ==IFERROR(($AK$24*网吧区域定价!$H$10)/$AK$26,0) -> 0 | AL41: ==IFERROR(($AL$24*网吧区域定价!$H$10)/$AL$26,0) -> 0 | AM41: ==IFERROR(($AM$24*网吧区域定价!$H$10)/$AM$26,0) -> 0 | AP41: 小时价 | AQ41: ==IFERROR(($AI$24*网吧区域定价!$H$16)/$AI$26,0) -> 0 | AR41: ==IFERROR(($AJ$24*网吧区域定价!$H$16)/$AJ$26,0) -> 0 | AS41: ==IFERROR(($AK$24*网吧区域定价!$H$16)/$AK$26,0) -> 0 | AT41: ==IFERROR(($AL$24*网吧区域定价!$H$16)/$AL$26,0) -> 0 | AU41: ==IFERROR(($AM$24*网吧区域定价!$H$16)/$AM$26,0) -> 0
R42: 仅需填入空白底色数据 | Z42: ==网吧区域定价!I2 -> 等级07
R43: ==网吧区域定价!$B$3 -> 区域01
R44: 充
R45: 送 | S45: ==S46-S44 -> 0 | T45: ==T46-T44 -> 0 | U45: ==U46-U44 -> 0 | V45: ==V46-V44 -> 0 | W45: ==W46-W44 -> 0
Q46: ==AVERAGEIF(S47:W47,"<>") -> 0 | R46: 得
R47: 小时价 | S47: ==IFERROR(($S$44*网吧区域定价!$I$3)/$S$46,0) -> 0 | T47: ==IFERROR(($T$44*网吧区域定价!$I$3)/$T$46,0) -> 0 | U47: ==IFERROR(($U$44*网吧区域定价!$I$3)/$U$46,0) -> 0 | V47: ==IFERROR(($V$44*网吧区域定价!$I$3)/$V$46,0) -> 0 | W47: ==IFERROR(($W$44*网吧区域定价!$I$3)/$W$46,0) -> 0
Q48: ==AVERAGEIF(S49:W49,"<>") -> 0 | R48: ==网吧区域定价!$B$4 -> 区域02
R49: 小时价 | S49: ==IFERROR(($S$44*网吧区域定价!$I$4)/$S$46,0) -> 0 | T49: ==IFERROR(($T$44*网吧区域定价!$I$4)/$T$46,0) -> 0 | U49: ==IFERROR(($U$44*网吧区域定价!$I$4)/$U$46,0) -> 0 | V49: ==IFERROR(($V$44*网吧区域定价!$I$4)/$V$46,0) -> 0 | W49: ==IFERROR(($W$44*网吧区域定价!$I$4)/$W$46,0) -> 0
Q50: ==AVERAGEIF(S51:W51,"<>") -> 0 | R50: ==网吧区域定价!$B$5 -> 区域03 | Y50: ==AVERAGEIF(AA51:AE51,"<>") -> 0 | Z50: ==网吧区域定价!$B$11 -> 0
R51: 小时价 | S51: ==IFERROR(($S$44*网吧区域定价!$I$5)/$S$46,0) -> 0 | T51: ==IFERROR(($T$44*网吧区域定价!$I$5)/$T$46,0) -> 0 | U51: ==IFERROR(($U$44*网吧区域定价!$I$5)/$U$46,0) -> 0 | V51: ==IFERROR(($V$44*网吧区域定价!$I$5)/$V$46,0) -> 0 | W51: ==IFERROR(($W$44*网吧区域定价!$I$5)/$W$46,0) -> 0 | Z51: 小时价 | AA51: ==IFERROR(($S$44*网吧区域定价!$I$11)/$S$46,0) -> 0 | AB51: ==IFERROR(($T$44*网吧区域定价!$I$11)/$T$46,0) -> 0 | AC51: ==IFERROR(($U$44*网吧区域定价!$I$11)/$U$46,0) -> 0 | AD51: ==IFERROR(($V$44*网吧区域定价!$I$11)/$V$46,0) -> 0 | AE51: ==IFERROR(($W$44*网吧区域定价!$I$11)/$W$46,0) -> 0
Q52: ==AVERAGEIF(S53:W53,"<>") -> 0 | R52: ==网吧区域定价!$B$6 -> 区域04 | Y52: ==AVERAGEIF(AA53:AE53,"<>") -> 0 | Z52: ==网吧区域定价!$B$12 -> 0
R53: 小时价 | S53: ==IFERROR(($S$44*网吧区域定价!$I$6)/$S$46,0) -> 0 | T53: ==IFERROR(($T$44*网吧区域定价!$I$6)/$T$46,0) -> 0 | U53: ==IFERROR(($U$44*网吧区域定价!$I$6)/$U$46,0) -> 0 | V53: ==IFERROR(($V$44*网吧区域定价!$I$6)/$V$46,0) -> 0 | W53: ==IFERROR(($W$44*网吧区域定价!$I$6)/$W$46,0) -> 0 | Z53: 小时价 | AA53: ==IFERROR(($S$44*网吧区域定价!$I$12)/$S$46,0) -> 0 | AB53: ==IFERROR(($T$44*网吧区域定价!$I$12)/$T$46,0) -> 0 | AC53: ==IFERROR(($U$44*网吧区域定价!$I$12)/$U$46,0) -> 0 | AD53: ==IFERROR(($V$44*网吧区域定价!$I$12)/$V$46,0) -> 0 | AE53: ==IFERROR(($W$44*网吧区域定价!$I$12)/$W$46,0) -> 0
Q54: ==AVERAGEIF(S55:W55,"<>") -> 0 | R54: ==网吧区域定价!$B$7 -> 区域05 | Y54: ==AVERAGEIF(AA55:AE55,"<>") -> 0 | Z54: ==网吧区域定价!$B$13 -> 0
R55: 小时价 | S55: ==IFERROR(($S$44*网吧区域定价!$I$7)/$S$46,0) -> 0 | T55: ==IFERROR(($T$44*网吧区域定价!$I$7)/$T$46,0) -> 0 | U55: ==IFERROR(($U$44*网吧区域定价!$I$7)/$U$46,0) -> 0 | V55: ==IFERROR(($V$44*网吧区域定价!$I$7)/$V$46,0) -> 0 | W55: ==IFERROR(($W$44*网吧区域定价!$I$7)/$W$46,0) -> 0 | Z55: 小时价 | AA55: ==IFERROR(($S$44*网吧区域定价!$I$13)/$S$46,0) -> 0 | AB55: ==IFERROR(($T$44*网吧区域定价!$I$13)/$T$46,0) -> 0 | AC55: ==IFERROR(($U$44*网吧区域定价!$I$13)/$U$46,0) -> 0 | AD55: ==IFERROR(($V$44*网吧区域定价!$I$13)/$V$46,0) -> 0 | AE55: ==IFERROR(($W$44*网吧区域定价!$I$13)/$W$46,0) -> 0
Q56: ==AVERAGEIF(S57:W57,"<>") -> 0 | R56: ==网吧区域定价!$B$8 -> 区域06 | Y56: ==AVERAGEIF(AA57:AE57,"<>") -> 0 | Z56: ==网吧区域定价!$B$14 -> 0
R57: 小时价 | S57: ==IFERROR(($S$44*网吧区域定价!$I$8)/$S$46,0) -> 0 | T57: ==IFERROR(($T$44*网吧区域定价!$I$8)/$T$46,0) -> 0 | U57: ==IFERROR(($U$44*网吧区域定价!$I$8)/$U$46,0) -> 0 | V57: ==IFERROR(($V$44*网吧区域定价!$I$8)/$V$46,0) -> 0 | W57: ==IFERROR(($W$44*网吧区域定价!$I$8)/$W$46,0) -> 0 | Z57: 小时价 | AA57: ==IFERROR(($S$44*网吧区域定价!$I$14)/$S$46,0) -> 0 | AB57: ==IFERROR(($T$44*网吧区域定价!$I$14)/$T$46,0) -> 0 | AC57: ==IFERROR(($U$44*网吧区域定价!$I$14)/$U$46,0) -> 0 | AD57: ==IFERROR(($V$44*网吧区域定价!$I$14)/$V$46,0) -> 0 | AE57: ==IFERROR(($W$44*网吧区域定价!$I$14)/$W$46,0) -> 0
Q58: ==AVERAGEIF(S59:W59,"<>") -> 0 | R58: ==网吧区域定价!$B$9 -> 区域07 | Y58: ==AVERAGEIF(AA59:AE59,"<>") -> 0 | Z58: ==网吧区域定价!$B$15 -> 0
R59: 小时价 | S59: ==IFERROR(($S$44*网吧区域定价!$I$9)/$S$46,0) -> 0 | T59: ==IFERROR(($T$44*网吧区域定价!$I$9)/$T$46,0) -> 0 | U59: ==IFERROR(($U$44*网吧区域定价!$I$9)/$U$46,0) -> 0 | V59: ==IFERROR(($V$44*网吧区域定价!$I$9)/$V$46,0) -> 0 | W59: ==IFERROR(($W$44*网吧区域定价!$I$9)/$W$46,0) -> 0 | Z59: 小时价 | AA59: ==IFERROR(($S$44*网吧区域定价!$I$15)/$S$46,0) -> 0 | AB59: ==IFERROR(($T$44*网吧区域定价!$I$15)/$T$46,0) -> 0 | AC59: ==IFERROR(($U$44*网吧区域定价!$I$15)/$U$46,0) -> 0 | AD59: ==IFERROR(($V$44*网吧区域定价!$I$15)/$V$46,0) -> 0 | AE59: ==IFERROR(($W$44*网吧区域定价!$I$15)/$W$46,0) -> 0
Q60: ==AVERAGEIF(S61:W61,"<>") -> 0 | R60: ==网吧区域定价!$B$10 -> 0 | Y60: ==AVERAGEIF(AA61:AE61,"<>") -> 0 | Z60: ==网吧区域定价!$B$16 -> 0
R61: 小时价 | S61: ==IFERROR(($S$44*网吧区域定价!$I$10)/$S$46,0) -> 0 | T61: ==IFERROR(($T$44*网吧区域定价!$I$10)/$T$46,0) -> 0 | U61: ==IFERROR(($U$44*网吧区域定价!$I$10)/$U$46,0) -> 0 | V61: ==IFERROR(($V$44*网吧区域定价!$I$10)/$V$46,0) -> 0 | W61: ==IFERROR(($W$44*网吧区域定价!$I$10)/$W$46,0) -> 0 | Z61: 小时价 | AA61: ==IFERROR(($S$44*网吧区域定价!$I$16)/$S$46,0) -> 0 | AB61: ==IFERROR(($T$44*网吧区域定价!$I$16)/$T$46,0) -> 0 | AC61: ==IFERROR(($U$44*网吧区域定价!$I$16)/$U$46,0) -> 0 | AD61: ==IFERROR(($V$44*网吧区域定价!$I$16)/$V$46,0) -> 0 | AE61: ==IFERROR(($W$44*网吧区域定价!$I$16)/$W$46,0) -> 0

Sheet 数据字典
B2: 区域 | C2: ==充送活动!J2 -> 等级01 | D2: ==充送活动!Z2 -> 等级02 | E2: ==充送活动!AP2 -> 等级03 | F2: ==充送活动!J22 -> 等级04 | G2: ==充送活动!Z22 -> 等级05 | H2: ==充送活动!AP22 -> 等级06 | I2: ==充送活动!Z42 -> 等级07
B3: ==充送活动!B3 -> 区域01 | C3: ==IFERROR(充送活动!A6,"") -> 0 | D3: ==IFERROR(充送活动!Q6,"") -> 0 | E3: ==IFERROR(充送活动!AG6,"") -> 0 | F3: ==IFERROR(充送活动!A26,"") -> 0 | G3: ==IFERROR(充送活动!Q26,"") -> 0 | H3: ==IFERROR(充送活动!AG26,"") -> 0 | I3: ==IFERROR(充送活动!Q46,"") -> 0
B4: ==充送活动!B8 -> 区域02 | C4: ==IFERROR(充送活动!A8,"") -> 0 | D4: ==IFERROR(充送活动!Q8,"") -> 0 | E4: ==IFERROR(充送活动!AG8,"") -> 0 | F4: ==IFERROR(充送活动!A28,"") -> 0 | G4: ==IFERROR(充送活动!Q28,"") -> 0 | H4: ==IFERROR(充送活动!AG28,"") -> 0 | I4: ==IFERROR(充送活动!Q48,"") -> 0
B5: ==充送活动!B10 -> 区域03 | C5: ==IFERROR(充送活动!A10,"") -> 0 | D5: ==IFERROR(充送活动!Q10,"") -> 0 | E5: ==IFERROR(充送活动!AG10,"") -> 0 | F5: ==IFERROR(充送活动!A30,"") -> 0 | G5: ==IFERROR(充送活动!Q30,"") -> 0 | H5: ==IFERROR(充送活动!AG30,"") -> 0 | I5: ==IFERROR(充送活动!Q50,"") -> 0
B6: ==充送活动!B12 -> 区域04 | C6: ==IFERROR(充送活动!A12,"") -> 0 | D6: ==IFERROR(充送活动!Q12,"") -> 0 | E6: ==IFERROR(充送活动!AG12,"") -> 0 | F6: ==IFERROR(充送活动!A32,"") -> 0 | G6: ==IFERROR(充送活动!Q32,"") -> 0 | H6: ==IFERROR(充送活动!AG32,"") -> 0 | I6: ==IFERROR(充送活动!Q52,"") -> 0
B7: ==充送活动!B14 -> 区域05 | C7: ==IFERROR(充送活动!A14,"") -> 0 | D7: ==IFERROR(充送活动!Q14,"") -> 0 | E7: ==IFERROR(充送活动!AG14,"") -> 0 | F7: ==IFERROR(充送活动!A34,"") -> 0 | G7: ==IFERROR(充送活动!Q34,"") -> 0 | H7: ==IFERROR(充送活动!AG34,"") -> 0 | I7: ==IFERROR(充送活动!Q54,"") -> 0
B8: ==充送活动!B16 -> 区域06 | C8: ==充送活动!A16 -> 0 | D8: ==IFERROR(充送活动!Q16,"") -> 0 | E8: ==IFERROR(充送活动!AG16,"") -> 0 | F8: ==IFERROR(充送活动!A36,"") -> 0 | G8: ==IFERROR(充送活动!Q36,"") -> 0 | H8: ==IFERROR(充送活动!AG36,"") -> 0 | I8: ==IFERROR(充送活动!Q56,"") -> 0
B9: ==充送活动!B18 -> 区域07 | C9: ==IFERROR(充送活动!A18,"") -> 0 | D9: ==IFERROR(充送活动!Q18,"") -> 0 | E9: ==IFERROR(充送活动!AG18,"") -> 0 | F9: ==IFERROR(充送活动!A38,"") -> 0 | G9: ==IFERROR(充送活动!Q38,"") -> 0 | H9: ==IFERROR(充送活动!AG38,"") -> 0 | I9: ==IFERROR(充送活动!Q58,"") -> 0
B10: ==充送活动!B20 -> 0 | C10: ==IFERROR(充送活动!A20,"") -> 0 | D10: ==IFERROR(充送活动!Q20,"") -> 0 | E10: ==IFERROR(充送活动!AG20,"") -> 0 | F10: ==IFERROR(充送活动!A40,"") -> 0 | G10: ==IFERROR(充送活动!Q40,"") -> 0 | H10: ==IFERROR(充送活动!AG40,"") -> 0 | I10: ==IFERROR(充送活动!Q60,"") -> 0
B11: ==充送活动!J10 -> 0 | C11: ==IFERROR(充送活动!I10,"") -> 0 | D11: ==IFERROR(充送活动!Y10,"") -> 0 | E11: ==IFERROR(充送活动!AO10,"") -> 0 | F11: ==IFERROR(充送活动!I30,"") -> 0 | G11: ==IFERROR(充送活动!Y30,"") -> 0 | H11: ==IFERROR(充送活动!AO30,"") -> 0 | I11: ==IFERROR(充送活动!Y50,"") -> 0
B12: ==充送活动!J12 -> 0 | C12: ==IFERROR(充送活动!I12,"") -> 0 | D12: ==IFERROR(充送活动!Y12,"") -> 0 | E12: ==IFERROR(充送活动!AO12,"") -> 0 | F12: ==IFERROR(充送活动!I32,"") -> 0 | G12: ==IFERROR(充送活动!Y32,"") -> 0 | H12: ==IFERROR(充送活动!AO32,"") -> 0 | I12: ==IFERROR(充送活动!Y52,"") -> 0
B13: ==充送活动!J14 -> 0 | C13: ==IFERROR(充送活动!I14,"") -> 0 | D13: ==IFERROR(充送活动!Y14,"") -> 0 | E13: ==IFERROR(充送活动!AO14,"") -> 0 | F13: ==IFERROR(充送活动!I34,"") -> 0 | G13: ==IFERROR(充送活动!Y34,"") -> 0 | H13: ==IFERROR(充送活动!AO34,"") -> 0 | I13: ==IFERROR(充送活动!Y54,"") -> 0
B14: ==充送活动!J16 -> 0 | C14: ==IFERROR(充送活动!I16,"") -> 0 | D14: ==IFERROR(充送活动!Y16,"") -> 0 | E14: ==IFERROR(充送活动!AO16,"") -> 0 | F14: ==IFERROR(充送活动!I36,"") -> 0 | G14: ==IFERROR(充送活动!Y36,"") -> 0 | H14: ==IFERROR(充送活动!AO36,"") -> 0 | I14: ==IFERROR(充送活动!Y56,"") -> 0
B15: ==充送活动!J18 -> 0 | C15: ==IFERROR(充送活动!I18,"") -> 0 | D15: ==IFERROR(充送活动!Y18,"") -> 0 | E15: ==IFERROR(充送活动!AO18,"") -> 0 | F15: ==IFERROR(充送活动!I38,"") -> 0 | G15: ==IFERROR(充送活动!Y38,"") -> 0 | H15: ==IFERROR(充送活动!AO38,"") -> 0 | I15: ==IFERROR(充送活动!Y58,"") -> 0
B16: ==充送活动!J20 -> 0 | C16: ==IFERROR(充送活动!I20,"") -> 0 | D16: ==IFERROR(充送活动!Y20,"") -> 0 | E16: ==IFERROR(充送活动!AO20,"") -> 0 | F16: ==IFERROR(充送活动!I40,"") -> 0 | G16: ==IFERROR(充送活动!Y40,"") -> 0 | H16: ==IFERROR(充送活动!AO40,"") -> 0 | I16: ==IFERROR(充送活动!Y60,"") -> 0

Sheet 网吧区域营收测算 
B1: 双重选择 | C1: 会员等级 | D1: 现金均价 | E1: 月度金额 | F1: 月度金额 | H1: 动态区域现金价测算表（数字字典不要修改内容） | P1: 最好是估月均，不要看天的，差异会很大,按照历史最低平均值预估
A2: 设备数量 | B2: 区域03 | C2: 等级03 | D2: ==IFERROR(INDEX(数据字典!$C$3:$I$16,MATCH(B2,数据字典!$B$3:$B$16,0),MATCH(C2,数据字典!$C$2:$I$2,0)),"集合开黑") -> 0 | E2: 总小时数 | F2: 产值 | G2: 单机营收 | H2: 时段01 | I2: 时段02 | J2: 合计产值 | P2: 区域 | Q2: 上机人次 | R2: 上机人数 | S2: 上座率 | T2: 翻台率 | U2: 单机时长 | V2: 人均时长
A3: ==IFERROR(采购成本!B4,"") -> 0 | B3: 区域01 | C3: 等级01 | D3: ==IFERROR(INDEX(数据字典!$C$3:$I$16,MATCH(B3,数据字典!$B$3:$B$16,0),MATCH(C3,数据字典!$C$2:$I$2,0)),"集合开黑") -> 0 | E3: ==IFERROR(R3*V3,"") -> 0 | F3: ==IFERROR(E3*D3,"") -> 0 | G3: ==IFERROR(F3/A3,"") | H3: ==IFERROR((网吧区域定价!R$8*$A$17/2)+F3,"") -> 0 | I3: ==IFERROR((网吧区域定价!S$8*$A$17/2)+F3,"") -> 0 | J3: ==IFERROR(G3+H3+I3,"") | P3: ==采购成本!C4 -> 区域01
A4: ==IFERROR(采购成本!B5,"") -> 0 | B4: 区域02 | C4: 等级01 | D4: ==IFERROR(INDEX(数据字典!$C$3:$I$16,MATCH(B4,数据字典!$B$3:$B$16,0),MATCH(C4,数据字典!$C$2:$I$2,0)),"集合开黑") -> 0 | E4: ==IFERROR(R4*V4,"") -> 0 | F4: ==IFERROR(E4*D4,"") -> 0 | G4: ==IFERROR(F4/A4,"") | H4: ==IFERROR((网吧区域定价!R$8*$A$17/2)+F4,"") -> 0 | I4: ==IFERROR((网吧区域定价!S$8*$A$17/2)+F4,"") -> 0 | J4: ==IFERROR(G4+H4+I4,"") | P4: ==采购成本!C5 -> 区域02
A5: ==IFERROR(采购成本!B6,"") -> 0 | B5: 区域03 | C5: 等级04 | D5: ==IFERROR(INDEX(数据字典!$C$3:$I$16,MATCH(B5,数据字典!$B$3:$B$16,0),MATCH(C5,数据字典!$C$2:$I$2,0)),"集合开黑") -> 0 | E5: ==IFERROR(R5*V5,"") -> 0 | F5: ==IFERROR(E5*D5,"") -> 0 | G5: ==IFERROR(F5/A5,"") | H5: ==IFERROR((网吧区域定价!R$8*$A$17/2)+F5,"") -> 0 | I5: ==IFERROR((网吧区域定价!S$8*$A$17/2)+F5,"") -> 0 | J5: ==IFERROR(G5+H5+I5,"") | P5: ==采购成本!C6 -> 区域03
A6: ==IFERROR(采购成本!B7,"") -> 0 | B6: 区域04 | C6: 等级04 | D6: ==IFERROR(INDEX(数据字典!$C$3:$I$16,MATCH(B6,数据字典!$B$3:$B$16,0),MATCH(C6,数据字典!$C$2:$I$2,0)),"集合开黑") -> 0 | E6: ==IFERROR(R6*V6,"") -> 0 | F6: ==IFERROR(E6*D6,"") -> 0 | G6: ==IFERROR(F6/A6,"") | H6: ==IFERROR((网吧区域定价!R$8*$A$17/2)+F6,"") -> 0 | I6: ==IFERROR((网吧区域定价!S$8*$A$17/2)+F6,"") -> 0 | J6: ==IFERROR(G6+H6+I6,"") | P6: ==采购成本!C7 -> 区域04
A7: ==IFERROR(采购成本!B8,"") -> 0 | B7: 区域05 | C7: 等级05 | D7: ==IFERROR(INDEX(数据字典!$C$3:$I$16,MATCH(B7,数据字典!$B$3:$B$16,0),MATCH(C7,数据字典!$C$2:$I$2,0)),"集合开黑") -> 0 | E7: ==IFERROR(R7*V7,"") -> 0 | F7: ==IFERROR(E7*D7,"") -> 0 | G7: ==IFERROR(F7/A7,"") | H7: ==IFERROR((网吧区域定价!R$8*$A$17/2)+F7,"") -> 0 | I7: ==IFERROR((网吧区域定价!S$8*$A$17/2)+F7,"") -> 0 | J7: ==IFERROR(G7+H7+I7,"") | P7: ==采购成本!C8 -> 区域05
A8: ==IFERROR(采购成本!B9,"") -> 0 | B8: 区域06 | C8: 等级05 | D8: ==IFERROR(INDEX(数据字典!$C$3:$I$16,MATCH(B8,数据字典!$B$3:$B$16,0),MATCH(C8,数据字典!$C$2:$I$2,0)),"集合开黑") -> 0 | E8: ==IFERROR(R8*V8,"") -> 0 | F8: ==IFERROR(E8*D8,"") -> 0 | G8: ==IFERROR(F8/A8,"") | H8: ==IFERROR((网吧区域定价!R$8*$A$17/2)+F8,"") -> 0 | I8: ==IFERROR((网吧区域定价!S$8*$A$17/2)+F8,"") -> 0 | J8: ==IFERROR(G8+H8+I8,"") | P8: ==采购成本!C9 -> 区域06
A9: ==IFERROR(采购成本!B10,"") -> 0 | B9: 区域07 | C9: 等级03 | D9: ==IFERROR(INDEX(数据字典!$C$3:$I$16,MATCH(B9,数据字典!$B$3:$B$16,0),MATCH(C9,数据字典!$C$2:$I$2,0)),"集合开黑") -> 0 | E9: ==IFERROR(R9*V9,"") -> 0 | F9: ==IFERROR(E9*D9,"") -> 0 | G9: ==IFERROR(F9/A9,"") | H9: ==IFERROR((网吧区域定价!R$8*$A$17/2)+F9,"") -> 0 | I9: ==IFERROR((网吧区域定价!S$8*$A$17/2)+F9,"") -> 0 | J9: ==IFERROR(G9+H9+I9,"") | P9: ==采购成本!C10 -> 区域07
A10: ==IFERROR(采购成本!B11,"") -> 0 | E10: ==IFERROR(R10*V10,"") -> 0 | F10: ==IFERROR(E10*D10,"") -> 0 | G10: ==IFERROR(F10/A10,"") | H10: ==IFERROR((网吧区域定价!R$8*$A$17/2)+F10,"") -> 0 | I10: ==IFERROR((网吧区域定价!S$8*$A$17/2)+F10,"") -> 0 | J10: ==IFERROR(SUM(G10:I10),"") -> 0 | P10: ==采购成本!C11 -> 0
A11: ==IFERROR(采购成本!B12,"") -> 0 | E11: ==IFERROR(R11*V11,"") -> 0 | F11: ==IFERROR(E11*D11,"") -> 0 | G11: ==IFERROR(F11/A11,"") | H11: ==IFERROR((网吧区域定价!R$8*$A$17/2)+F11,"") -> 0 | I11: ==IFERROR((网吧区域定价!S$8*$A$17/2)+F11,"") -> 0 | J11: ==IFERROR(SUM(G11:I11),"") -> 0 | P11: ==采购成本!C12 -> 0
A12: ==IFERROR(采购成本!B13,"") -> 0 | E12: ==IFERROR(R12*V12,"") -> 0 | F12: ==IFERROR(E12*D12,"") -> 0 | G12: ==IFERROR(F12/A12,"") | H12: ==IFERROR((网吧区域定价!R$8*$A$17/2)+F12,"") -> 0 | I12: ==IFERROR((网吧区域定价!R$8*$A$17/2)+G12,"") | J12: ==IFERROR(SUM(G12:I12),"") -> 0 | P12: ==采购成本!C13 -> 0
A13: ==IFERROR(采购成本!B14,"") -> 0 | E13: ==IFERROR(R13*V13,"") -> 0 | F13: ==IFERROR(E13*D13,"") -> 0 | G13: ==IFERROR(F13/A13,"") | H13: ==IFERROR((网吧区域定价!R$8*$A$17/2)+F13,"") -> 0 | I13: ==IFERROR((网吧区域定价!S$8*$A$17/2)+F13,"") -> 0 | J13: ==IFERROR(SUM(G13:I13),"") -> 0 | P13: ==采购成本!C14 -> 0
A14: ==IFERROR(采购成本!B15,"") -> 0 | E14: ==IFERROR(R14*V14,"") -> 0 | F14: ==IFERROR(E14*D14,"") -> 0 | G14: ==IFERROR(F14/A14,"") | H14: ==IFERROR((网吧区域定价!R$8*$A$17/2)+F14,"") -> 0 | I14: ==IFERROR((网吧区域定价!S$8*$A$17/2)+F14,"") -> 0 | J14: ==IFERROR(SUM(G14:I14),"") -> 0 | P14: ==采购成本!C15 -> 0
A15: ==IFERROR(采购成本!B16,"") -> 0 | E15: ==IFERROR(R15*V15,"") -> 0 | F15: ==IFERROR(E15*D15,"") -> 0 | G15: ==IFERROR(F15/A15,"") | H15: ==IFERROR((网吧区域定价!R$8*$A$17/2)+F15,"") -> 0 | I15: ==IFERROR((网吧区域定价!S$8*$A$17/2)+F15,"") -> 0 | J15: ==IFERROR(SUM(G15:I15),"") -> 0 | P15: ==采购成本!C16 -> 0
A16: ==IFERROR(采购成本!B17,"") -> 0 | E16: ==IFERROR(R16*V16,"") -> 0 | F16: ==IFERROR(E16*D16,"") -> 0 | G16: ==IFERROR(F16/A16,"") | H16: ==IFERROR((网吧区域定价!R$8*$A$17/2)+F16,"") -> 0 | I16: ==IFERROR((网吧区域定价!S$8*$A$17/2)+F16,"") -> 0 | J16: ==IFERROR(SUM(G16:I16),"") -> 0 | P16: ==采购成本!C17 -> 0
A17: ==区域整改回本周期计算器!A21 -> 0
C18: 人次 | D18: 上座率 | E18: 翻台率 | F18: 单机时长 | G18: 人均时长 | H18: 计算总设备半数 | J18: 不显示产值，检查设备数量
C20: 年度天数 | D20: 月度天数
C21: ==月均成本计算!B11 -> 365 | D21: ==月均成本计算!B12 -> 31

Sheet 设备出售价计算器
B1: 设备/固定资产标识成本计算
B3: 设备数量 | C3: 区域、固定资产标识 | D3: 显示器 | E3: 主板 | F3: CPU | G3: 显卡 | H3: 内存 | I3: 电源 | J3: 散热 | K3: 键盘 | L3: 鼠标 | M3: 耳机 | N3: 桌子 | O3: 沙发椅子 | P3: 拓展线 | Q3: 支架 | R3: 备选外设 | S3: 开关 | X3: 合计
C4: 配置001 | X4: ==SUM(D4:W4) -> 0
C5: 配置002 | X5: ==SUM(D5:W5) -> 0
C6: 配置003 | X6: ==SUM(D6:W6) -> 0
C7: 配置004 | X7: ==SUM(D7:W7) -> 0
C8: 配置005 | X8: ==SUM(D8:W8) -> 0
C9: 配置006 | X9: ==SUM(D9:W9) -> 0
C10: 配置007 | X10: ==SUM(D10:W10) -> 0
C11: 配置008 | X11: ==SUM(D11:W11) -> 0
C12: 配置009 | X12: ==SUM(D12:W12) -> 0
C13: 配置010 | X13: ==SUM(D13:W13) -> 0
C14: 配置011 | X14: ==SUM(D14:W14) -> 0
C15: 配置012 | X15: ==SUM(D15:W15) -> 0
... C38: 配置035 | X38: ==SUM(D38:W38) -> 0
C39: 配置036 | X39: ==SUM(D39+E39+F39+G39+H39+I39+J39+K39+L39+M39) -> 0
C40: 配置037 | W40: 合计 | X40: ==SUM(X4:X39) -> 0
C41: 配置038
C42: 配置039
C43: 配置040
C44: 配置041
C45: 配置042
C46: 配置043
C47: 配置044
C48: 配置045
C49: 配置046
C50: 配置047
C51: 配置048
C52: 配置049
... C64: 配置061

Sheet 自制商品成本表
A1: 吃饱饱系列
B2: 单品01 | C2: 单品02 | D2: 单品03 | E2: 单品04 | F2: 单品05 | G2: 单品06 | H2: 单品07
A3: 进货价
A4: 数量
A5: 成本 | B5: ==B3*B4+1.5 -> 1.5 | C5: ==C3*C4+1.5 -> 1.5 | D5: ==D3*D4+1.5 -> 1.5 | E5: ==E3*E4+1.5 -> 1.5 | F5: ==F3*F4+1.5 -> 1.5 | G5: ==G3*G4+1.5 -> 1.5 | H5: ==H3*H4+1.5 -> 1.5
A6: 售价
A7: 自制饮品系列
B8: 饮品01 | C8: 饮品02 | D8: 饮品03 | E8: 饮品04 | F8: 饮品05 | G8: 饮品06 | H8: 饮品07 | I8: 饮品08 | J8: 饮品09 | K8: 饮品10 | L8: 饮品11 | M8: 饮品12
A9: 成本
A10: 售价
A11: 利润 | B11: ==B10-B9 -> 0 | C11: ==C10-C9 -> 0 | D11: ==D10-D9 -> 0 | E11: ==E10-E9 -> 0 | F11: ==F10-F9 -> 0 | G11: ==G10-G9 -> 0 | H11: ==H10-H9 -> 0 | I11: ==I10-I9 -> 0 | ... M11: ==M10-M9 -> 0

Sheet WpsReserved_CellImgList
